Workbook

Sheet LISTADO
A1: Listado de certificaciones
A2: 1 | C2: INCLUIDA | F2: CUMPLE | H2: CODIGOS UNSP | I2: Valor presupuesto | J2: Fecha de cierre | L2: año | M2: SMMLV | P2: 2 | Q2: 4 | R2: 4
A3: 2 | C3: NO INCLUIDA | F3: NO CUMPLE | H3: 801015 | I3: 1351954266 | J3: 45582 | L3: 1995 | M3: 118934 | P3: 10
A4: 3 | C4: NO APARCE CODIGO | H4: 801016 | L4: 1996 | M4: 142125 | P4: 18
A5: 4 | C5: NO COINCIDE SALARIO | H5: 841116 | L5: 1997 | M5: 172005 | P5: 26
C6: NO COINCIDE CODIGO | H6: NO DIPONIBLE | L6: 1998 | M6: 203826 | P6: 34 | R6: 5
L7: 1999 | M7: 236460 | P7: 42 | Q7: 5
L8: 2000 | M8: 260100 | P8: 50
L9: 2001 | M9: 286000 | P9: 58
L10: 2002 | M10: 309000 | P10: 66 | R10: 6
L11: 2003 | M11: 332000 | P11: 74
L12: 2004 | M12: 358000 | P12: 82 | Q12: 6
L13: 2005 | M13: 381500 | P13: 90
L14: 2006 | M14: 408000 | P14: 98 | R14: 7
L15: 2007 | M15: 433700 | P15: 106
L16: 2008 | M16: 461500 | P16: 114
L17: 2009 | M17: 496900 | P17: 122 | Q17: 7
L18: 2010 | M18: 515000 | P18: 130 | R18: 8
L19: 2011 | M19: 535600 | P19: 138
L20: 2012 | M20: 566700 | P20: 146
L21: 2013 | M21: 589500 | P21: 154
L22: 2014 | M22: 616000 | P22: 162 | Q22: 8 | R22: 9
L23: 2015 | M23: 644350 | P23: 170
L24: 2016 | M24: 689455 | P24: 178
L25: 2017 | M25: 737717 | P25: 186
L26: 2018 | M26: 781242 | P26: 194 | R26: 10
L27: 2019 | M27: 828116 | P27: 202 | Q27: 9
L28: 2020 | M28: 877803 | P28: 210
L29: 2021 | M29: 908526
L30: 2022 | M30: 1000000 | R30: 11
L31: 2023 | M31: 1160000
L32: 2024 | M32: 1300000 | Q32: 10
R34: 12
Q37: 11
R38: 13
Q42: 12 | R42: 14
R46: 15
Q47: 13
R50: 16
Q52: 14
R54: 17
Q57: 15
R58: 18
Q62: 16 | R62: 19
R66: 20
Q67: 17
R70: 21
Q72: 18
R74: 22
Q77: 19
R78: 23
Q82: 20 | R82: 24
Q87: 21
Q92: 22
Q97: 23
Q102: 24

Sheet 1.EXP_ADICIONAL_PROP
A1: No. PROPONENTE | B1: NOMBRE DEL PROPONENTE | C1: INTEGRANTES DEL PROPONENTE SI ES UT, CONSORCIO O UNICO PROPONENTE | D1: % DE PARTICIPACIÓN | E1: 60% PRESUPUESTO OFICIAL | F1: EXPERIENCIA REQUERIDA POR PROPONENTE EXPRESADA EN SMMLV 2024 | G1: CERTIFICACIÓN NÚMERO | H1: ENTIDAD CONTRATANTE | I1: EMPRESA QUE APORTA LA EXPERIENCIA (Nombre y Nit) | J1: OBJETO SIMILAR RELACIONADAS CON SUPERVISIÓN INTEGRAL O INTERVENTORÍA INTEGRAL O AUDITORÍA INTEGRAL | K1: % PARTICIPACION DEL CONTRATO ACREDITADO | L1: FECHA INICIO | M1: FECHA FINAL | N1: Certificación de contrato finalizado antes de la fecha de cierre del presente proceso de selección | O1: VALOR DEL CONTRATO EN PESOS COLOMBIANOS | P1: VALOR A TENER EN CUENTA PESOS COLOMBIANOS % PARTICIPACIÓN | Q1: SMMLV (A LA FECHA DE TERMINACION DEL CONTRATO) | R1: SMMLV RUP | S1: VALOR ACTUALIZADO CON SMMMLV (2024) | T1: VERIFICACIÓN DEL CODIGO UNSP | U1: CONSECUTIVO RUP | V1: OBSERVACIONES INDIVIDUALES EXPERIENCIA | W1: VALIDACIÓN CERTIFICACIÓN INDIVIDUAL | X1: TOTAL EXPERIENCIA ADICIONAL APORTADA | Y1: TOTAL EXPERIENCIA ADICIONAL APORTADA SUPERIOR AL 60% | Z1: SUMATORIA SMMLV VALIDOS | AA1: PROMEDIO SMML VALIDOS | AB1: FORMULA TRM APLICADA AL DIA | AC1: OBSERVACIONES GENERALES
A2: 1 | B2: {=IF(INDIRECT("Consolidado!B"&LISTADO!R2)="","",INDIRECT("Consolidado!B"&LISTADO!R2))} -> ARES SECURITY LTDA: NIT 900.599.147-1 | C2: =B2 -> ARES SECURITY LTDA: NIT 900.599.147-1 | D2: 1 | E2: =LISTADO!$I$3*0.6 -> 8.1117256e+08 | F2: =E2/LISTADO!$M$32 -> 623.97889 | N2: =IF(M2<>"",IF(M2>LISTADO!$J$3,"NO CUMPLE","CUMPLE"),"") | P2: =IF(O2>0,K2*O2,"") | Q2: =IFERROR((P2/_xlfn.XLOOKUP(YEAR(M2),LISTADO!$L$3:$L$32,LISTADO!$M$3:$M$32)),"") | S2: =IF(W2="CUMPLE",IFERROR(R2*LISTADO!$M$32,"0"),"") | W2: =IF(COUNTBLANK(J2)+COUNTBLANK(N2)+COUNTBLANK(T2)=3,"",IF(COUNTIF(J2,"CUMPLE")+COUNTIF(N2,"CUMPLE")+COUNTIF(T2,"801015")+COUNTIF(T2,"801016")+COUNTIF(T2,"841116")=3,IF(V2="","CUMPLE","NO CUMPLE"),"NO CUMPLE")) | X2: =IF(G2>0,SUMIFS(S2:S5,W2:W5,"CUMPLE"),"") | Y2: =IF(X2="","",IF(X2>=E2,"CUMPLE","NO CUMPLE")) | Z2: =IF(Y2="","",IF(Y2="CUMPLE",SUMIFS(R2:R5,W2:W5,"CUMPLE"),0)) | AA2: =IFERROR(Z2/COUNTIF(W2:W5,"CUMPLE"),"") | AB2: =VLOOKUP(B2,Consolidado!$B$4:$H$16,7,0) | AC2: No aportó tanto el formato 13 denominado EXPERIENCIA ADICIONAL DEL PROPONENTE ni las certificaciones adicionales expedidas por las entidades contratantes según lo indicado en el Pliego de Condiciones definitivo
N3: =IF(M3<>"",IF(M3>LISTADO!$J$3,"NO CUMPLE","CUMPLE"),"") | P3: =IF(O3>0,K3*O3,"") | Q3: =IFERROR((P3/_xlfn.XLOOKUP(YEAR(M3),LISTADO!$L$3:$L$32,LISTADO!$M$3:$M$32)),"") | S3: =IF(W3="CUMPLE",IFERROR(R3*LISTADO!$M$32,"0"),"") | W3: =IF(COUNTBLANK(J3)+COUNTBLANK(N3)+COUNTBLANK(T3)=3,"",IF(COUNTIF(J3,"CUMPLE")+COUNTIF(N3,"CUMPLE")+COUNTIF(T3,"801015")+COUNTIF(T3,"801016")+COUNTIF(T3,"841116")=3,IF(V3="","CUMPLE","NO CUMPLE"),"NO CUMPLE"))
N4: =IF(M4<>"",IF(M4>LISTADO!$J$3,"NO CUMPLE","CUMPLE"),"") | P4: =IF(O4>0,K4*O4,"") | Q4: =IFERROR((P4/_xlfn.XLOOKUP(YEAR(M4),LISTADO!$L$3:$L$32,LISTADO!$M$3:$M$32)),"") | S4: =IF(W4="CUMPLE",IFERROR(R4*LISTADO!$M$32,"0"),"") | W4: =IF(COUNTBLANK(J4)+COUNTBLANK(N4)+COUNTBLANK(T4)=3,"",IF(COUNTIF(J4,"CUMPLE")+COUNTIF(N4,"CUMPLE")+COUNTIF(T4,"801015")+COUNTIF(T4,"801016")+COUNTIF(T4,"841116")=3,IF(V4="","CUMPLE","NO CUMPLE"),"NO CUMPLE"))
N5: =IF(M5<>"",IF(M5>LISTADO!$J$3,"NO CUMPLE","CUMPLE"),"") | P5: =IF(O5>0,K5*O5,"") | Q5: =IFERROR((P5/_xlfn.XLOOKUP(YEAR(M5),LISTADO!$L$3:$L$32,LISTADO!$M$3:$M$32)),"") | S5: =IF(W5="CUMPLE",IFERROR(R5*LISTADO!$M$32,"0"),"") | W5: =IF(COUNTBLANK(J5)+COUNTBLANK(N5)+COUNTBLANK(T5)=3,"",IF(COUNTIF(J5,"CUMPLE")+COUNTIF(N5,"CUMPLE")+COUNTIF(T5,"801015")+COUNTIF(T5,"801016")+COUNTIF(T5,"841116")=3,IF(V5="","CUMPLE","NO CUMPLE"),"NO CUMPLE"))
A6: 2 | B6: {=IF(INDIRECT("Consolidado!B"&LISTADO!R6)="","",INDIRECT("Consolidado!B"&LISTADO!R6))} -> GERMAN MONTENEGRO FAJARDO AUDITORES & ASESORES S.A.S. BIC 900.335.334-8 | C6: =B6 -> GERMAN MONTENEGRO FAJARDO AUDITORES & ASESORES S.A.S. BIC 900.335.334-8 | D6: 1 | E6: =LISTADO!$I$3*0.6 -> 8.1117256e+08 | F6: =E6/LISTADO!$M$32 -> 623.97889 | G6: 1 | H6: DEPARTAMENTO DE NARIÑO: interventoría técnica, administrativa, financiera, contable y jurídica al contrato para la implementación del programa de alimentación escolar en los 57 municipios no certificados del departamento de Nariño, conforme a los lineamientos técnicos administrativos, estándares y condiciones mínimas expedidas por el ministerio de educación nacional y/o unidad administrativa especial para la alimentación escolar alimentos para aprender | I6: GERMAN MONTENEGRO FAJARDO AUDITORES & ASESORES S.A.S. BIC 900.335.334-8 | J6: CUMPLE | K6: 1 | L6: 44096 | M6: 44264 | N6: =IF(M6<>"",IF(M6>LISTADO!$J$3,"NO CUMPLE","CUMPLE"),"") -> CUMPLE | O6: 912758679 | P6: =IF(O6>0,K6*O6,"") -> 912758679 | Q6: =IFERROR((P6/_xlfn.XLOOKUP(YEAR(M6),LISTADO!$L$3:$L$32,LISTADO!$M$3:$M$32)),"") -> 1004.6588 | R6: 1004.65 | S6: =IF(W6="CUMPLE",IFERROR(R6*LISTADO!$M$32,"0"),"") -> 1306045000 | T6: 801015 | U6: 143 | W6: =IF(COUNTBLANK(J6)+COUNTBLANK(N6)+COUNTBLANK(T6)=3,"",IF(COUNTIF(J6,"CUMPLE")+COUNTIF(N6,"CUMPLE")+COUNTIF(T6,"801015")+COUNTIF(T6,"801016")+COUNTIF(T6,"841116")=3,IF(V6="","CUMPLE","NO CUMPLE"),"NO CUMPLE")) -> CUMPLE | X6: =IF(G6>0,SUMIFS(S6:S9,W6:W9,"CUMPLE"),"") -> 4065009000 | Y6: =IF(X6="","",IF(X6>=E6,"CUMPLE","NO CUMPLE")) -> CUMPLE | Z6: =IF(Y6="","",IF(Y6="CUMPLE",SUMIFS(R6:R9,W6:W9,"CUMPLE"),0)) -> 3126.93 | AA6: =IFERROR(Z6/COUNTIF(W6:W9,"CUMPLE"),"") -> 1042.31 | AB6: =VLOOKUP(B6,Consolidado!$B$4:$H$16,7,0) -> 29.833711
G7: 2 | H7: DEPARTAMENTO DE NARIÑO: INTERVENTORÍA TÉCNICA, ADMINISTRATIVA, FINANCIERA, CONTABLE Y APOYO AL COMPONENTE JURÍDICO AL CONTRATO PARA LA IMPLEMENTACIÓN DEL PROGRAMA DE ALIMENTACIÓN ESCOLAR EN LOS 57 MUNICIPIOS NO CERTIFICADOS DEL DEPARTAMENTO DE NARIÑO, CONFORME A LOS LINEAMIENTOS TÉCNICOS ADMINISTRATIVOS, ESTÁNDARES Y CONDICIONES MÍNIMAS EXPEDIDAS POR MINISTERIO DE EDUCACIÓN NACIONAL Y/O UNIDAD ADMINISTRATIVA ESPECIAL PARA LA ALIMENTACIÓN ESCOLAR ALIMENTOS PARA APRENDER | I7: GERMAN MONTENEGRO FAJARDO AUDITORES & ASESORES S.A.S. BIC 900.335.334-8 | J7: CUMPLE | K7: 1 | L7: 44494 | M7: 44693 | N7: =IF(M7<>"",IF(M7>LISTADO!$J$3,"NO CUMPLE","CUMPLE"),"") -> CUMPLE | O7: 1300876543 | P7: =IF(O7>0,K7*O7,"") -> 1300876543 | Q7: =IFERROR((P7/_xlfn.XLOOKUP(YEAR(M7),LISTADO!$L$3:$L$32,LISTADO!$M$3:$M$32)),"") -> 1300.8765 | R7: 1300.87 | S7: =IF(W7="CUMPLE",IFERROR(R7*LISTADO!$M$32,"0"),"") -> 1.691131e+09 | T7: 801015 | U7: 166 | W7: =IF(COUNTBLANK(J7)+COUNTBLANK(N7)+COUNTBLANK(T7)=3,"",IF(COUNTIF(J7,"CUMPLE")+COUNTIF(N7,"CUMPLE")+COUNTIF(T7,"801015")+COUNTIF(T7,"801016")+COUNTIF(T7,"841116")=3,IF(V7="","CUMPLE","NO CUMPLE"),"NO CUMPLE")) -> CUMPLE
G8: 3 | H8: MUNICIPIO DE PASTO - SECRETARIA DE EDUCACIÓN: El Contratista se compromete para con el Municipio de Pasto – Secretaría de Educación, a realizar la Interventoría Integral conforme a los lineamientos Técnico administrativos, estándares y condiciones mínimas de la Resolución No. 16432 de 2015 y Decreto 1075 de 2015 sobre el Contrato de operación del PAE – 2021. A. ESPECIFICACIONES DE CONTROL Y SEGUIMIENTO ADMINISTRATIVO. B. ESPECIFICACIONES FINANCIERAS. C. OBLIGACIONES JURÍDICAS. C. ESPECIFICACIONES TÉCNICAS. | I8: GERMAN MONTENEGRO FAJARDO AUDITORES & ASESORES S.A.S. BIC 900.335.334-8 | J8: CUMPLE | K8: 1 | L8: 44235 | M8: 44542 | N8: =IF(M8<>"",IF(M8>LISTADO!$J$3,"NO CUMPLE","CUMPLE"),"") -> CUMPLE | O8: 7.462786e+08 | P8: =IF(O8>0,K8*O8,"") -> 7.462786e+08 | Q8: =IFERROR((P8/_xlfn.XLOOKUP(YEAR(M8),LISTADO!$L$3:$L$32,LISTADO!$M$3:$M$32)),"") -> 821.41689 | R8: 821.41 | S8: =IF(W8="CUMPLE",IFERROR(R8*LISTADO!$M$32,"0"),"") -> 1067833000 | T8: 801015 | U8: 167 | W8: =IF(COUNTBLANK(J8)+COUNTBLANK(N8)+COUNTBLANK(T8)=3,"",IF(COUNTIF(J8,"CUMPLE")+COUNTIF(N8,"CUMPLE")+COUNTIF(T8,"801015")+COUNTIF(T8,"801016")+COUNTIF(T8,"841116")=3,IF(V8="","CUMPLE","NO CUMPLE"),"NO CUMPLE")) -> CUMPLE
N9: =IF(M9<>"",IF(M9>LISTADO!$J$3,"NO CUMPLE","CUMPLE"),"") | P9: =IF(O9>0,K9*O9,"") | Q9: =IFERROR((P9/_xlfn.XLOOKUP(YEAR(M9),LISTADO!$L$3:$L$32,LISTADO!$M$3:$M$32)),"") | S9: =IF(W9="CUMPLE",IFERROR(R9*LISTADO!$M$32,"0"),"") | W9: =IF(COUNTBLANK(J9)+COUNTBLANK(N9)+COUNTBLANK(T9)=3,"",IF(COUNTIF(J9,"CUMPLE")+COUNTIF(N9,"CUMPLE")+COUNTIF(T9,"801015")+COUNTIF(T9,"801016")+COUNTIF(T9,"841116")=3,IF(V9="","CUMPLE","NO CUMPLE"),"NO CUMPLE"))
A10: 3 | B10: {=IF(INDIRECT("Consolidado!B"&LISTADO!R10)="","",INDIRECT("Consolidado!B"&LISTADO!R10))} -> JFS CONSULTORES S.A.S. -BIC 901.542.814-2 | C10: =B10 -> JFS CONSULTORES S.A.S. -BIC 901.542.814-2 | D10: 1 | E10: =LISTADO!$I$3*0.6 -> 8.1117256e+08 | F10: =E10/LISTADO!$M$32 -> 623.97889 | G10: 1 | H10: FONDO UNICO DE TECNOLOGIAS DE LA INFORMACION Y LAS COMUNICACIONES: REALIZAR LA INTERVENTORIA INTEGRAL PARA LLEVAR A CABO EL SEGUIMIENTO Y VERIFICACION DE LAS OBLIGACIONES TECNICAS, JURIDICAS, FINANCIERAS Y ADMINISTRATIVAS | I10: JFS CONSULTORES S.A.S. -BIC 901.542.814-2 | J10: CUMPLE | K10: 0.75 | L10: 44356 | M10: 44773 | N10: =IF(M10<>"",IF(M10>LISTADO!$J$3,"NO CUMPLE","CUMPLE"),"") -> CUMPLE | O10: 4417825389 | P10: =IF(O10>0,K10*O10,"") -> 3.313369e+09 | Q10: =IFERROR((P10/_xlfn.XLOOKUP(YEAR(M10),LISTADO!$L$3:$L$32,LISTADO!$M$3:$M$32)),"") -> 3313.369 | R10: =3808.47*0.75 -> 2856.3525 | S10: =IF(W10="CUMPLE",IFERROR(R10*LISTADO!$M$32,"0"),"") -> 3713258250 | T10: 801015 | U10: 139 | W10: =IF(COUNTBLANK(J10)+COUNTBLANK(N10)+COUNTBLANK(T10)=3,"",IF(COUNTIF(J10,"CUMPLE")+COUNTIF(N10,"CUMPLE")+COUNTIF(T10,"801015")+COUNTIF(T10,"801016")+COUNTIF(T10,"841116")=3,IF(V10="","CUMPLE","NO CUMPLE"),"NO CUMPLE")) -> CUMPLE | X10: =IF(G10>0,SUMIFS(S10:S13,W10:W13,"CUMPLE"),"") -> 4819109750 | Y10: =IF(X10="","",IF(X10>=E10,"CUMPLE","NO CUMPLE")) -> CUMPLE | Z10: =IF(Y10="","",IF(Y10="CUMPLE",SUMIFS(R10:R13,W10:W13,"CUMPLE"),0)) -> 3707.0075 | AA10: =IFERROR(Z10/COUNTIF(W10:W13,"CUMPLE"),"") -> 1235.6692 | AB10: =VLOOKUP(B10,Consolidado!$B$4:$H$16,7,0) -> 29.631831 | AC10: El proponente en el término de traslado, presentó documento aclaratorio frente a los porcentajes de participación en los proponentes plurales objeto de las certificaciones de experiencia ponderable, en este sentido, el comité acepta su observación y procede con el ajuste en la evaluación definitiva.
G11: 2 | H11: SECRETARIA DISTRITAL DE SEGURIDAD DE BOGOTA: INTERVENTORIA ADMINISTRATIVA FINANCIERA TECNICA, CONTABLE, JURIDICA Y AMBIENTAL PARA EL SISTEMA DE VIDEO DE VIGILANCIA DE BOGOTA | I11: JFS CONSULTORES S.A.S. -BIC 901.542.814-2 | J11: CUMPLE | K11: 0.5 | L11: 44053 | M11: 44332 | N11: =IF(M11<>"",IF(M11>LISTADO!$J$3,"NO CUMPLE","CUMPLE"),"") -> CUMPLE | O11: 1414843730 | P11: =IF(O11>0,K11*O11,"") -> 707421865 | Q11: =IFERROR((P11/_xlfn.XLOOKUP(YEAR(M11),LISTADO!$L$3:$L$32,LISTADO!$M$3:$M$32)),"") -> 778.6479 | R11: =1557.29*0.5 -> 778.645 | S11: =IF(W11="CUMPLE",IFERROR(R11*LISTADO!$M$32,"0"),"") -> 1012238500 | T11: 801015 | U11: 86 | W11: =IF(COUNTBLANK(J11)+COUNTBLANK(N11)+COUNTBLANK(T11)=3,"",IF(COUNTIF(J11,"CUMPLE")+COUNTIF(N11,"CUMPLE")+COUNTIF(T11,"801015")+COUNTIF(T11,"801016")+COUNTIF(T11,"841116")=3,IF(V11="","CUMPLE","NO CUMPLE"),"NO CUMPLE")) -> CUMPLE
G12: 3 | H12: CENTRO DE SERVICIO EMPRESARIAL LTDA: INTERVENTORIA LEGAL CONTABLE, FINANCIERA, ADMINISTRATIVA, OPERATIVA DE SISTEMAS Y TECNICA, DE TODOS LOS CONTRATOS DE PRESTACION DE SERVICIOS DE LA EMPRESA | I12: JFS CONSULTORES S.A.S. -BIC 901.542.814-2 | J12: CUMPLE | K12: 1 | L12: 41700 | M12: 42064 | N12: =IF(M12<>"",IF(M12>LISTADO!$J$3,"NO CUMPLE","CUMPLE"),"") -> CUMPLE | O12: 46400000 | P12: =IF(O12>0,K12*O12,"") -> 46400000 | Q12: =IFERROR((P12/_xlfn.XLOOKUP(YEAR(M12),LISTADO!$L$3:$L$32,LISTADO!$M$3:$M$32)),"") -> 72.010553 | R12: =72.01*1 -> 72.01 | S12: =IF(W12="CUMPLE",IFERROR(R12*LISTADO!$M$32,"0"),"") -> 93613000 | T12: 801015 | U12: 18 | W12: =IF(COUNTBLANK(J12)+COUNTBLANK(N12)+COUNTBLANK(T12)=3,"",IF(COUNTIF(J12,"CUMPLE")+COUNTIF(N12,"CUMPLE")+COUNTIF(T12,"801015")+COUNTIF(T12,"801016")+COUNTIF(T12,"841116")=3,IF(V12="","CUMPLE","NO CUMPLE"),"NO CUMPLE")) -> CUMPLE
N13: =IF(M13<>"",IF(M13>LISTADO!$J$3,"NO CUMPLE","CUMPLE"),"") | P13: =IF(O13>0,K13*O13,"") | Q13: =IFERROR((P13/_xlfn.XLOOKUP(YEAR(M13),LISTADO!$L$3:$L$32,LISTADO!$M$3:$M$32)),"") | S13: =IF(W13="CUMPLE",IFERROR(R13*LISTADO!$M$32,"0"),"") | W13: =IF(COUNTBLANK(J13)+COUNTBLANK(N13)+COUNTBLANK(T13)=3,"",IF(COUNTIF(J13,"CUMPLE")+COUNTIF(N13,"CUMPLE")+COUNTIF(T13,"801015")+COUNTIF(T13,"801016")+COUNTIF(T13,"841116")=3,IF(V13="","CUMPLE","NO CUMPLE"),"NO CUMPLE"))
A14: 4 | B14: {=IF(INDIRECT("Consolidado!B"&LISTADO!R14)="","",INDIRECT("Consolidado!B"&LISTADO!R14))} -> SCAIPROYEKTA S.A.S. BIC: NIT 901.476.977-1 | C14: =B14 -> SCAIPROYEKTA S.A.S. BIC: NIT 901.476.977-1 | D14: 1 | E14: =LISTADO!$I$3*0.6 -> 8.1117256e+08 | F14: =E14/LISTADO!$M$32 -> 623.97889 | G14: 1 | H14: Secretaria de Educación del Distrito: Realizar la interventoría técnica, administrativa, jurídica, financiera y operativa a los contratos de prestación de servicios de vigilancia y seguridad privada de la Secretaría de Educación del Distrito Capital. Contrato CO1.PCCNTR.2651929 - del 15-07-2021 | I14: SCAIPROYEKTA S.A.S. BIC: NIT 901.476.977-1 | J14: CUMPLE | K14: 0.5 | L14: 44396 | M14: 45218 | N14: =IF(M14<>"",IF(M14>LISTADO!$J$3,"NO CUMPLE","CUMPLE"),"") -> CUMPLE | O14: 5402479427 | P14: =IF(O14>0,K14*O14,"") -> 2.7012397e+09 | Q14: =IFERROR((P14/_xlfn.XLOOKUP(YEAR(M14),LISTADO!$L$3:$L$32,LISTADO!$M$3:$M$32)),"") -> 2328.6549 | R14: =4657.3*0.5 -> 2328.65 | S14: =IF(W14="CUMPLE",IFERROR(R14*LISTADO!$M$32,"0"),"") -> 3027245000 | T14: 801015 | U14: 176 | W14: =IF(COUNTBLANK(J14)+COUNTBLANK(N14)+COUNTBLANK(T14)=3,"",IF(COUNTIF(J14,"CUMPLE")+COUNTIF(N14,"CUMPLE")+COUNTIF(T14,"801015")+COUNTIF(T14,"801016")+COUNTIF(T14,"841116")=3,IF(V14="","CUMPLE","NO CUMPLE"),"NO CUMPLE")) -> CUMPLE | X14: =IF(G14>0,SUMIFS(S14:S17,W14:W17,"CUMPLE"),"") -> 6249165000 | Y14: =IF(X14="","",IF(X14>=E14,"CUMPLE","NO CUMPLE")) -> CUMPLE | Z14: =IF(Y14="","",IF(Y14="CUMPLE",SUMIFS(R14:R17,W14:W17,"CUMPLE"),0)) -> 4807.05 | AA14: =IFERROR(Z14/COUNTIF(W14:W17,"CUMPLE"),"") -> 1602.35 | AB14: =VLOOKUP(B14,Consolidado!$B$4:$H$16,7,0) -> 19.136441
G15: 2 | H15: Secretaria de Educación del Distrito: Contratar la interventoría técnica, administrativa, jurídica, financiera y contable del contrato de prestación de servicio del operador logístico, para la planeación, organización, administración, producción, ejecución y demás acciones logísticas necesarias para la realización de los eventos programados por las dependencias de la secretaría de educación del distrito y aquellos eventos nacionales y/o internacionales en los que participe. Contrato de interventoría No 1891 del 24 mayo de 2017. | I15: SCAIPROYEKTA S.A.S. BIC: NIT 901.476.977-1 | J15: CUMPLE | K15: 1 | L15: 42881 | M15: 43223 | N15: =IF(M15<>"",IF(M15>LISTADO!$J$3,"NO CUMPLE","CUMPLE"),"") -> CUMPLE | O15: 897374824 | P15: =IF(O15>0,K15*O15,"") -> 897374824 | Q15: =IFERROR((P15/_xlfn.XLOOKUP(YEAR(M15),LISTADO!$L$3:$L$32,LISTADO!$M$3:$M$32)),"") -> 1148.6515 | R15: 1138.35 | S15: =IF(W15="CUMPLE",IFERROR(R15*LISTADO!$M$32,"0"),"") -> 1479855000 | T15: 801015 | U15: 76 | W15: =IF(COUNTBLANK(J15)+COUNTBLANK(N15)+COUNTBLANK(T15)=3,"",IF(COUNTIF(J15,"CUMPLE")+COUNTIF(N15,"CUMPLE")+COUNTIF(T15,"801015")+COUNTIF(T15,"801016")+COUNTIF(T15,"841116")=3,IF(V15="","CUMPLE","NO CUMPLE"),"NO CUMPLE")) -> CUMPLE
G16: 3 | H16: Secretaria de Educación del Distrito: Contratar la interventoría técnica, administrativa, jurídica y financiera del contrato de prestación de servicios del operador logístico, para la planeación, organización, administración, producción, ejecución y demás acciones logísticas necesarias para la realización de los eventos programados por las dependencias de la Secretaría de Educación del Distrito. CO1.PCCNTR.943513 del 10 de mayo de 2019, resultado del proceso No. SED-CM-A-DSA032-2019 | I16: SCAIPROYEKTA S.A.S. BIC: NIT 901.476.977-1 | J16: CUMPLE | K16: 1 | L16: 43605 | M16: 43992 | N16: =IF(M16<>"",IF(M16>LISTADO!$J$3,"NO CUMPLE","CUMPLE"),"") -> CUMPLE | O16: 1176303239 | P16: =IF(O16>0,K16*O16,"") -> 1176303239 | Q16: =IFERROR((P16/_xlfn.XLOOKUP(YEAR(M16),LISTADO!$L$3:$L$32,LISTADO!$M$3:$M$32)),"") -> 1340.0538 | R16: 1340.05 | S16: =IF(W16="CUMPLE",IFERROR(R16*LISTADO!$M$32,"0"),"") -> 1742065000 | T16: 801016 | U16: 95 | W16: =IF(COUNTBLANK(J16)+COUNTBLANK(N16)+COUNTBLANK(T16)=3,"",IF(COUNTIF(J16,"CUMPLE")+COUNTIF(N16,"CUMPLE")+COUNTIF(T16,"801015")+COUNTIF(T16,"801016")+COUNTIF(T16,"841116")=3,IF(V16="","CUMPLE","NO CUMPLE"),"NO CUMPLE")) -> CUMPLE
N17: =IF(M17<>"",IF(M17>LISTADO!$J$3,"NO CUMPLE","CUMPLE"),"") | P17: =IF(O17>0,K17*O17,"") | Q17: =IFERROR((P17/_xlfn.XLOOKUP(YEAR(M17),LISTADO!$L$3:$L$32,LISTADO!$M$3:$M$32)),"") | S17: =IF(W17="CUMPLE",IFERROR(R17*LISTADO!$M$32,"0"),"") | W17: =IF(COUNTBLANK(J17)+COUNTBLANK(N17)+COUNTBLANK(T17)=3,"",IF(COUNTIF(J17,"CUMPLE")+COUNTIF(N17,"CUMPLE")+COUNTIF(T17,"801015")+COUNTIF(T17,"801016")+COUNTIF(T17,"841116")=3,IF(V17="","CUMPLE","NO CUMPLE"),"NO CUMPLE"))
A18: 5 | B18: {=IF(INDIRECT("Consolidado!B"&LISTADO!R18)="","",INDIRECT("Consolidado!B"&LISTADO!R18))} -> UT GREM-NOVAC | C18: INTERNOVAC GROUP S.A.S – BIC, NIT 901.719.021-0 | D18: 0.6 | E18: =LISTADO!$I$3*0.6 -> 8.1117256e+08 | F18: =E18/LISTADO!$M$32 -> 623.97889 | G18: 1 | H18: MINISTERIO DE EDUCACIÓN NACIONAL: Realizar interventoría integral en los componentes técnico-pedagógico, administrativo, jurídico, y financiero de los convenios interadministrativos y contratos suscritos por el Ministerio de Educación Nacional (MEN) en el marco del programa nacional de alfabetización y educación de adultos (PNAEA). | I18: INTERNOVAC GROUP S.A.S – BIC, NIT 901.719.021-0 | J18: CUMPLE | K18: 1 | L18: 42286 | M18: 42369 | N18: =IF(M18<>"",IF(M18>LISTADO!$J$3,"NO CUMPLE","CUMPLE"),"") -> CUMPLE | O18: 924471744 | P18: =IF(O18>0,K18*O18,"") -> 924471744 | Q18: =IFERROR((P18/_xlfn.XLOOKUP(YEAR(M18),LISTADO!$L$3:$L$32,LISTADO!$M$3:$M$32)),"") -> 1434.7354 | R18: 1434 | S18: =IF(W18="CUMPLE",IFERROR(R18*LISTADO!$M$32,"0"),"") -> 1864200000 | T18: 801015 | U18: 67 | W18: =IF(COUNTBLANK(J18)+COUNTBLANK(N18)+COUNTBLANK(T18)=3,"",IF(COUNTIF(J18,"CUMPLE")+COUNTIF(N18,"CUMPLE")+COUNTIF(T18,"801015")+COUNTIF(T18,"801016")+COUNTIF(T18,"841116")=3,IF(V18="","CUMPLE","NO CUMPLE"),"NO CUMPLE")) -> CUMPLE | X18: =IF(G18>0,SUMIFS(S18:S21,W18:W21,"CUMPLE"),"") -> 1864200000 | Y18: =IF(X18="","",IF(X18>=E18,"CUMPLE","NO CUMPLE")) -> CUMPLE | Z18: =IF(Y18="","",IF(Y18="CUMPLE",SUMIFS(R18:R21,W18:W21,"CUMPLE"),0)) -> 1434 | AA18: =IFERROR(Z18/COUNTIF(W18:W21,"CUMPLE"),"") -> 1434 | AB18: =VLOOKUP(B18,Consolidado!$B$4:$H$16,7,0) -> 23.95507
C19: GRUPO EMPRESARIAL DE CONSULTORES E INTERVENTORES S.A.S BIC, NIT 901548.063-5 | D19: 0.4 | N19: =IF(M19<>"",IF(M19>LISTADO!$J$3,"NO CUMPLE","CUMPLE"),"") | P19: =IF(O19>0,K19*O19,"") | Q19: =IFERROR((P19/_xlfn.XLOOKUP(YEAR(M19),LISTADO!$L$3:$L$32,LISTADO!$M$3:$M$32)),"") | S19: =IF(W19="CUMPLE",IFERROR(R19*LISTADO!$M$32,"0"),"") | W19: =IF(COUNTBLANK(J19)+COUNTBLANK(N19)+COUNTBLANK(T19)=3,"",IF(COUNTIF(J19,"CUMPLE")+COUNTIF(N19,"CUMPLE")+COUNTIF(T19,"801015")+COUNTIF(T19,"801016")+COUNTIF(T19,"841116")=3,IF(V19="","CUMPLE","NO CUMPLE"),"NO CUMPLE"))
N20: =IF(M20<>"",IF(M20>LISTADO!$J$3,"NO CUMPLE","CUMPLE"),"") | P20: =IF(O20>0,K20*O20,"") | Q20: =IFERROR((P20/_xlfn.XLOOKUP(YEAR(M20),LISTADO!$L$3:$L$32,LISTADO!$M$3:$M$32)),"") | S20: =IF(W20="CUMPLE",IFERROR(R20*LISTADO!$M$32,"0"),"") | W20: =IF(COUNTBLANK(J20)+COUNTBLANK(N20)+COUNTBLANK(T20)=3,"",IF(COUNTIF(J20,"CUMPLE")+COUNTIF(N20,"CUMPLE")+COUNTIF(T20,"801015")+COUNTIF(T20,"801016")+COUNTIF(T20,"841116")=3,IF(V20="","CUMPLE","NO CUMPLE"),"NO CUMPLE"))
N21: =IF(M21<>"",IF(M21>LISTADO!$J$3,"NO CUMPLE","CUMPLE"),"") | P21: =IF(O21>0,K21*O21,"") | Q21: =IFERROR((P21/_xlfn.XLOOKUP(YEAR(M21),LISTADO!$L$3:$L$32,LISTADO!$M$3:$M$32)),"") | S21: =IF(W21="CUMPLE",IFERROR(R21*LISTADO!$M$32,"0"),"") | W21: =IF(COUNTBLANK(J21)+COUNTBLANK(N21)+COUNTBLANK(T21)=3,"",IF(COUNTIF(J21,"CUMPLE")+COUNTIF(N21,"CUMPLE")+COUNTIF(T21,"801015")+COUNTIF(T21,"801016")+COUNTIF(T21,"841116")=3,IF(V21="","CUMPLE","NO CUMPLE"),"NO CUMPLE"))
A22: 6 | B22: {=IF(INDIRECT("Consolidado!B"&LISTADO!R22)="","",INDIRECT("Consolidado!B"&LISTADO!R22))} -> SGA CONSULTORES S.A.S: NIT 901.549.833-4 | C22: SGA CONSULTORES S.A.S: NIT 901.549.833-4 | D22: 1 | E22: =LISTADO!$I$3*0.6 -> 8.1117256e+08 | F22: =E22/LISTADO!$M$32 -> 623.97889 | G22: 1 | H22: FONDO FINANCIERO DISTRITAL DE SALUD : El objeto del presente contrato es la contratación de servicios especializados para, apoyar a la SECRETARIA DISTRITAL DE SALUD en la interventoría técnica, administrativa financiera y contable sobre los contratos de compraventa de servicios de salud suscritos entre el Fondo Financiero Distrital de Salud y/o la Secretaría Distrital de Salud y un grupo de Instituciones Prestadoras de Servicios de Salud -IPS- de la Red No Adscrita a la SECRETARIA DISTRITAL DE SALUD, así como en la realización de la auditoria médica y revisión de las cuentas por atención de urgencias a pacientes vinculados sin capacidad de pago atendidos en instituciones con las cuales el Fondo Financiero Distrital de Salud y/o la Secretaría Distrital de Salud no haya suscrito contrato". Contrato No 1303-1997, suscrito el 15 de diciembre 1997. | I22: SGA CONSULTORES S.A.S: NIT 901.549.833-4 | J22: CUMPLE | K22: 1 | L22: 35782 | M22: 35902 | N22: =IF(M22<>"",IF(M22>LISTADO!$J$3,"NO CUMPLE","CUMPLE"),"") -> CUMPLE | O22: =169940000+84970000 -> 254910000 | P22: =IF(O22>0,K22*O22,"") -> 254910000 | Q22: =IFERROR((P22/_xlfn.XLOOKUP(YEAR(M22),LISTADO!$L$3:$L$32,LISTADO!$M$3:$M$32)),"") -> 1250.6255 | R22: 1250.62 | S22: =IF(W22="CUMPLE",IFERROR(R22*LISTADO!$M$32,"0"),"") -> 1.625806e+09 | T22: 801016 | U22: 19 | W22: =IF(COUNTBLANK(J22)+COUNTBLANK(N22)+COUNTBLANK(T22)=3,"",IF(COUNTIF(J22,"CUMPLE")+COUNTIF(N22,"CUMPLE")+COUNTIF(T22,"801015")+COUNTIF(T22,"801016")+COUNTIF(T22,"841116")=3,IF(V22="","CUMPLE","NO CUMPLE"),"NO CUMPLE")) -> CUMPLE | X22: =IF(G22>0,SUMIFS(S22:S25,W22:W25,"CUMPLE"),"") -> 1.625806e+09 | Y22: =IF(X22="","",IF(X22>=E22,"CUMPLE","NO CUMPLE")) -> CUMPLE | Z22: =IF(Y22="","",IF(Y22="CUMPLE",SUMIFS(R22:R25,W22:W25,"CUMPLE"),0)) -> 1250.62 | AA22: =IFERROR(Z22/COUNTIF(W22:W25,"CUMPLE"),"") -> 1250.62 | AB22: =VLOOKUP(B22,Consolidado!$B$4:$H$16,7,0)
N23: =IF(M23<>"",IF(M23>LISTADO!$J$3,"NO CUMPLE","CUMPLE"),"") | P23: =IF(O23>0,K23*O23,"") | Q23: =IFERROR((P23/_xlfn.XLOOKUP(YEAR(M23),LISTADO!$L$3:$L$32,LISTADO!$M$3:$M$32)),"") | S23: =IF(W23="CUMPLE",IFERROR(R23*LISTADO!$M$32,"0"),"") | W23: =IF(COUNTBLANK(J23)+COUNTBLANK(N23)+COUNTBLANK(T23)=3,"",IF(COUNTIF(J23,"CUMPLE")+COUNTIF(N23,"CUMPLE")+COUNTIF(T23,"801015")+COUNTIF(T23,"801016")+COUNTIF(T23,"841116")=3,IF(V23="","CUMPLE","NO CUMPLE"),"NO CUMPLE"))
N24: =IF(M24<>"",IF(M24>LISTADO!$J$3,"NO CUMPLE","CUMPLE"),"") | P24: =IF(O24>0,K24*O24,"") | Q24: =IFERROR((P24/_xlfn.XLOOKUP(YEAR(M24),LISTADO!$L$3:$L$32,LISTADO!$M$3:$M$32)),"") | S24: =IF(W24="CUMPLE",IFERROR(R24*LISTADO!$M$32,"0"),"") | W24: =IF(COUNTBLANK(J24)+COUNTBLANK(N24)+COUNTBLANK(T24)=3,"",IF(COUNTIF(J24,"CUMPLE")+COUNTIF(N24,"CUMPLE")+COUNTIF(T24,"801015")+COUNTIF(T24,"801016")+COUNTIF(T24,"841116")=3,IF(V24="","CUMPLE","NO CUMPLE"),"NO CUMPLE"))
N25: =IF(M25<>"",IF(M25>LISTADO!$J$3,"NO CUMPLE","CUMPLE"),"") | P25: =IF(O25>0,K25*O25,"") | Q25: =IFERROR((P25/_xlfn.XLOOKUP(YEAR(M25),LISTADO!$L$3:$L$32,LISTADO!$M$3:$M$32)),"") | S25: =IF(W25="CUMPLE",IFERROR(R25*LISTADO!$M$32,"0"),"") | W25: =IF(COUNTBLANK(J25)+COUNTBLANK(N25)+COUNTBLANK(T25)=3,"",IF(COUNTIF(J25,"CUMPLE")+COUNTIF(N25,"CUMPLE")+COUNTIF(T25,"801015")+COUNTIF(T25,"801016")+COUNTIF(T25,"841116")=3,IF(V25="","CUMPLE","NO CUMPLE"),"NO CUMPLE"))
A26: 7 | B26: {=IF(INDIRECT("Consolidado!B"&LISTADO!R26)="","",INDIRECT("Consolidado!B"&LISTADO!R26))} -> SMARTY COLOMBIA SAS BIC: NIT 900249549-6 | C26: =B26 -> SMARTY COLOMBIA SAS BIC: NIT 900249549-6 | D26: 1 | E26: =LISTADO!$I$3*0.6 -> 8.1117256e+08 | F26: =E26/LISTADO!$M$32 -> 623.97889 | G26: 1 | H26: SECRETARÍA DE EDUCACIÓN DEL DISTRITO: Realizar la interventoría técnica, administrativa, jurídica, financiera y operativa a los contratos de prestación de servicios de vigilancia y seguridad privada de la Secretaría de Educación del Distrito Capital. CO1.PCCNTR. 2651929 del 15 de julio de 2021 respecto al proceso SED-CM-ADSA-018-2021. | I26: SMARTY COLOMBIA SAS BIC: NIT 900249549-6 | J26: CUMPLE | K26: 0.5 | L26: 44396 | M26: 45218 | N26: =IF(M26<>"",IF(M26>LISTADO!$J$3,"NO CUMPLE","CUMPLE"),"") -> CUMPLE | O26: =3746703100+986575714+669200613 -> 5402479427 | P26: =IF(O26>0,K26*O26,"") -> 2.7012397e+09 | Q26: =IFERROR((P26/_xlfn.XLOOKUP(YEAR(M26),LISTADO!$L$3:$L$32,LISTADO!$M$3:$M$32)),"") -> 2328.6549 | R26: =4657.3*0.5 -> 2328.65 | S26: =IF(W26="CUMPLE",IFERROR(R26*LISTADO!$M$32,"0"),"") -> 3027245000 | T26: 801015 | U26: 88 | W26: =IF(COUNTBLANK(J26)+COUNTBLANK(N26)+COUNTBLANK(T26)=3,"",IF(COUNTIF(J26,"CUMPLE")+COUNTIF(N26,"CUMPLE")+COUNTIF(T26,"801015")+COUNTIF(T26,"801016")+COUNTIF(T26,"841116")=3,IF(V26="","CUMPLE","NO CUMPLE"),"NO CUMPLE")) -> CUMPLE | X26: =IF(G26>0,SUMIFS(S26:S29,W26:W29,"CUMPLE"),"") -> 3951662000 | Y26: =IF(X26="","",IF(X26>=E26,"CUMPLE","NO CUMPLE")) -> CUMPLE | Z26: =IF(Y26="","",IF(Y26="CUMPLE",SUMIFS(R26:R29,W26:W29,"CUMPLE"),0)) -> 3039.74 | AA26: =IFERROR(Z26/COUNTIF(W26:W29,"CUMPLE"),"") -> 1519.87 | AB26: =VLOOKUP(B26,Consolidado!$B$4:$H$16,7,0) -> 21.49724
G27: 2 | H27: SECRETARÍA DISTRITAL DE DESARROLLO ECONÓMICO : Realizar la interventoría técnica, administrativa y financiera a la ejecución de los convenios y contratos suscritos y que se suscriban para el desarrollo de los programas del Fondo de Innovación, Tecnología e Industrias Creativas- FITIC. Contrato No 672-2020 | I27: SMARTY COLOMBIA SAS BIC: NIT 900249549-6 | J27: CUMPLE | K27: 1 | L27: 44161 | M27: 44494 | N27: =IF(M27<>"",IF(M27>LISTADO!$J$3,"NO CUMPLE","CUMPLE"),"") -> CUMPLE | O27: 646044002 | P27: =IF(O27>0,K27*O27,"") -> 646044002 | Q27: =IFERROR((P27/_xlfn.XLOOKUP(YEAR(M27),LISTADO!$L$3:$L$32,LISTADO!$M$3:$M$32)),"") -> 711.09027 | R27: 711.09 | S27: =IF(W27="CUMPLE",IFERROR(R27*LISTADO!$M$32,"0"),"") -> 924417000 | T27: 801015 | U27: 82 | W27: =IF(COUNTBLANK(J27)+COUNTBLANK(N27)+COUNTBLANK(T27)=3,"",IF(COUNTIF(J27,"CUMPLE")+COUNTIF(N27,"CUMPLE")+COUNTIF(T27,"801015")+COUNTIF(T27,"801016")+COUNTIF(T27,"841116")=3,IF(V27="","CUMPLE","NO CUMPLE"),"NO CUMPLE")) -> CUMPLE
N28: =IF(M28<>"",IF(M28>LISTADO!$J$3,"NO CUMPLE","CUMPLE"),"") | P28: =IF(O28>0,K28*O28,"") | Q28: =IFERROR((P28/_xlfn.XLOOKUP(YEAR(M28),LISTADO!$L$3:$L$32,LISTADO!$M$3:$M$32)),"") | S28: =IF(W28="CUMPLE",IFERROR(R28*LISTADO!$M$32,"0"),"") | W28: =IF(COUNTBLANK(J28)+COUNTBLANK(N28)+COUNTBLANK(T28)=3,"",IF(COUNTIF(J28,"CUMPLE")+COUNTIF(N28,"CUMPLE")+COUNTIF(T28,"801015")+COUNTIF(T28,"801016")+COUNTIF(T28,"841116")=3,IF(V28="","CUMPLE","NO CUMPLE"),"NO CUMPLE"))
N29: =IF(M29<>"",IF(M29>LISTADO!$J$3,"NO CUMPLE","CUMPLE"),"") | P29: =IF(O29>0,K29*O29,"") | Q29: =IFERROR((P29/_xlfn.XLOOKUP(YEAR(M29),LISTADO!$L$3:$L$32,LISTADO!$M$3:$M$32)),"") | S29: =IF(W29="CUMPLE",IFERROR(R29*LISTADO!$M$32,"0"),"") | W29: =IF(COUNTBLANK(J29)+COUNTBLANK(N29)+COUNTBLANK(T29)=3,"",IF(COUNTIF(J29,"CUMPLE")+COUNTIF(N29,"CUMPLE")+COUNTIF(T29,"801015")+COUNTIF(T29,"801016")+COUNTIF(T29,"841116")=3,IF(V29="","CUMPLE","NO CUMPLE"),"NO CUMPLE"))
A30: 8 | B30: {=IF(INDIRECT("Consolidado!B"&LISTADO!R30)="","",INDIRECT("Consolidado!B"&LISTADO!R30))} -> CONSORCIO TOOL | C30: TOOL SS SAS | D30: 0.4 | E30: =LISTADO!$I$3*0.6 -> 8.1117256e+08 | F30: =E30/LISTADO!$M$32 -> 623.97889 | G30: 1 | H30: ALCALDIA MAYOR DE BOGOTA D.C. SECRETARIA DE EDUCACION: REALIZAR LA INTERVENTORIA TECNICA, ADMINISTRATIVA, JURIDICA, FINANCIERA Y CONTABLE A LOS CONTRATOS DE PRESTACION DE SERVICIOS DE VIGILANCIA Y SEGURIDAD PRIVADA DE LA SECRETARIA DE EDUCACION DEL DISTRITO CAPITAL | I30: TOOL SS SAS | J30: CUMPLE | K30: 0.4 | L30: 42906 | M30: 43251 | N30: =IF(M30<>"",IF(M30>LISTADO!$J$3,"NO CUMPLE","CUMPLE"),"") -> CUMPLE | O30: 1918462797 | P30: =IF(O30>0,K30*O30,"") -> 7.6738512e+08 | Q30: =IFERROR((P30/_xlfn.XLOOKUP(YEAR(M30),LISTADO!$L$3:$L$32,LISTADO!$M$3:$M$32)),"") -> 982.26301 | R30: =2455.65*0.4 -> 982.26 | S30: =IF(W30="CUMPLE",IFERROR(R30*LISTADO!$M$32,"0"),"") -> 1.276938e+09 | T30: 801015 | U30: 239 | W30: =IF(COUNTBLANK(J30)+COUNTBLANK(N30)+COUNTBLANK(T30)=3,"",IF(COUNTIF(J30,"CUMPLE")+COUNTIF(N30,"CUMPLE")+COUNTIF(T30,"801015")+COUNTIF(T30,"801016")+COUNTIF(T30,"841116")=3,IF(V30="","CUMPLE","NO CUMPLE"),"NO CUMPLE")) -> CUMPLE | X30: =IF(G30>0,SUMIFS(S30:S33,W30:W33,"CUMPLE"),"") -> 1.276938e+09 | Y30: =IF(X30="","",IF(X30>=E30,"CUMPLE","NO CUMPLE")) -> CUMPLE | Z30: =IF(Y30="","",IF(Y30="CUMPLE",SUMIFS(R30:R33,W30:W33,"CUMPLE"),0)) -> 982.26 | AA30: =IFERROR(Z30/COUNTIF(W30:W33,"CUMPLE"),"") -> 982.26 | AB30: =VLOOKUP(B30,Consolidado!$B$4:$H$16,7,0) -> 28.114918
C31: TOOL CONSULTING SAS | D31: 0.6 | N31: =IF(M31<>"",IF(M31>LISTADO!$J$3,"NO CUMPLE","CUMPLE"),"") | P31: =IF(O31>0,K31*O31,"") | Q31: =IFERROR((P31/_xlfn.XLOOKUP(YEAR(M31),LISTADO!$L$3:$L$32,LISTADO!$M$3:$M$32)),"") | S31: =IF(W31="CUMPLE",IFERROR(R31*LISTADO!$M$32,"0"),"") | W31: =IF(COUNTBLANK(J31)+COUNTBLANK(N31)+COUNTBLANK(T31)=3,"",IF(COUNTIF(J31,"CUMPLE")+COUNTIF(N31,"CUMPLE")+COUNTIF(T31,"801015")+COUNTIF(T31,"801016")+COUNTIF(T31,"841116")=3,IF(V31="","CUMPLE","NO CUMPLE"),"NO CUMPLE"))
N32: =IF(M32<>"",IF(M32>LISTADO!$J$3,"NO CUMPLE","CUMPLE"),"") | P32: =IF(O32>0,K32*O32,"") | Q32: =IFERROR((P32/_xlfn.XLOOKUP(YEAR(M32),LISTADO!$L$3:$L$32,LISTADO!$M$3:$M$32)),"") | S32: =IF(W32="CUMPLE",IFERROR(R32*LISTADO!$M$32,"0"),"") | W32: =IF(COUNTBLANK(J32)+COUNTBLANK(N32)+COUNTBLANK(T32)=3,"",IF(COUNTIF(J32,"CUMPLE")+COUNTIF(N32,"CUMPLE")+COUNTIF(T32,"801015")+COUNTIF(T32,"801016")+COUNTIF(T32,"841116")=3,IF(V32="","CUMPLE","NO CUMPLE"),"NO CUMPLE"))
N33: =IF(M33<>"",IF(M33>LISTADO!$J$3,"NO CUMPLE","CUMPLE"),"") | P33: =IF(O33>0,K33*O33,"") | Q33: =IFERROR((P33/_xlfn.XLOOKUP(YEAR(M33),LISTADO!$L$3:$L$32,LISTADO!$M$3:$M$32)),"") | S33: =IF(W33="CUMPLE",IFERROR(R33*LISTADO!$M$32,"0"),"") | W33: =IF(COUNTBLANK(J33)+COUNTBLANK(N33)+COUNTBLANK(T33)=3,"",IF(COUNTIF(J33,"CUMPLE")+COUNTIF(N33,"CUMPLE")+COUNTIF(T33,"801015")+COUNTIF(T33,"801016")+COUNTIF(T33,"841116")=3,IF(V33="","CUMPLE","NO CUMPLE"),"NO CUMPLE"))
A34: 9 | B34: {=IF(INDIRECT("Consolidado!B"&LISTADO!R34)="","",INDIRECT("Consolidado!B"&LISTADO!R34))} -> CONSORCIO INTERVENTORÍA DE VIGILANCIA 2024 | C34: ITECO CONSULTORES SAS BIC- NIT 800.181.867 | D34: 0.5 | E34: =LISTADO!$I$3*0.6 -> 8.1117256e+08 | F34: =E34/LISTADO!$M$32 -> 623.97889 | G34: 1 | H34: AGENCIA NACIONAL DE HIDROCARBUROS: EL CONTRATISTA SE OBLIGA PARA CON LA ANH A REALIZAR LAS INTERVENTORIAS ADMINISTRATIVA, TÉCNICA, FINANCIERA, JURIDICA Y HSE AL CONTRATO DE MUESTREO DEL SUBSUELO EN LA CUENCA SINU-SAN JACINTO. | I34: STRATUSS SAS NIT 901.417.647 | J34: CUMPLE | K34: 0.5 | L34: 41934 | M34: 42004 | N34: =IF(M34<>"",IF(M34>LISTADO!$J$3,"NO CUMPLE","CUMPLE"),"") -> CUMPLE | O34: 1462606300 | P34: =IF(O34>0,K34*O34,"") -> 731303150 | Q34: =IFERROR((P34/_xlfn.XLOOKUP(YEAR(M34),LISTADO!$L$3:$L$32,LISTADO!$M$3:$M$32)),"") -> 1187.1804 | R34: 1244 | S34: =IF(W34="CUMPLE",IFERROR(R34*LISTADO!$M$32,"0"),"") -> 1617200000 | T34: 801015 | U34: 3 | W34: =IF(COUNTBLANK(J34)+COUNTBLANK(N34)+COUNTBLANK(T34)=3,"",IF(COUNTIF(J34,"CUMPLE")+COUNTIF(N34,"CUMPLE")+COUNTIF(T34,"801015")+COUNTIF(T34,"801016")+COUNTIF(T34,"841116")=3,IF(V34="","CUMPLE","NO CUMPLE"),"NO CUMPLE")) -> CUMPLE | X34: =IF(G34>0,SUMIFS(S34:S37,W34:W37,"CUMPLE"),"") -> 2748200000 | Y34: =IF(X34="","",IF(X34>=E34,"CUMPLE","NO CUMPLE")) -> CUMPLE | Z34: =IF(Y34="","",IF(Y34="CUMPLE",SUMIFS(R34:R37,W34:W37,"CUMPLE"),0)) -> 2114 | AA34: =IFERROR(Z34/COUNTIF(W34:W37,"CUMPLE"),"") -> 1057 | AB34: =VLOOKUP(B34,Consolidado!$B$4:$H$16,7,0)
C35: STRATUSS SAS NIT 901.417.647 | D35: 0.5 | G35: 2 | H35: GOBERNACIÓN DEL VALLE DEL CAUCA: CONTRATAR LA INTERVENTORÍA TÉCNICA, ADMINISTRATIVA, FINANCIERA Y JURÍDICA AL CONTRATO QUE RESULTE DEL PROCESO DE SELECCIÓN No. LP SCSC 002 2018 CUYO OBJETO ES SERVICIOS DE SUMINISTRO, INGENIERÍA DE DETALLE, INSTALACIÓN, PUESTA EN OPERACIÓN, PREVENTIVO MANTENIMIENTO Y CORRECTIVO Y SERVICIOS DE TELECOMUNICACIONES DE CIRCUITO CERRADO DE TELEVISIÓN PARA VIGILANCIA EN EL MARCO DEL PROYECTO DE INVERSIÓN BPIN | I35: ITECO CONSULTORES SAS BIC- NIT 800.181.867 | J35: CUMPLE | K35: 1 | L35: 43321 | M35: 43738 | N35: =IF(M35<>"",IF(M35>LISTADO!$J$3,"NO CUMPLE","CUMPLE"),"") -> CUMPLE | O35: 720961500 | P35: =IF(O35>0,K35*O35,"") -> 720961500 | Q35: =IFERROR((P35/_xlfn.XLOOKUP(YEAR(M35),LISTADO!$L$3:$L$32,LISTADO!$M$3:$M$32)),"") -> 870.60448 | R35: 870 | S35: =IF(W35="CUMPLE",IFERROR(R35*LISTADO!$M$32,"0"),"") -> 1131000000 | T35: 801015 | U35: 37 | W35: =IF(COUNTBLANK(J35)+COUNTBLANK(N35)+COUNTBLANK(T35)=3,"",IF(COUNTIF(J35,"CUMPLE")+COUNTIF(N35,"CUMPLE")+COUNTIF(T35,"801015")+COUNTIF(T35,"801016")+COUNTIF(T35,"841116")=3,IF(V35="","CUMPLE","NO CUMPLE"),"NO CUMPLE")) -> CUMPLE
N36: =IF(M36<>"",IF(M36>LISTADO!$J$3,"NO CUMPLE","CUMPLE"),"") | P36: =IF(O36>0,K36*O36,"") | Q36: =IFERROR((P36/_xlfn.XLOOKUP(YEAR(M36),LISTADO!$L$3:$L$32,LISTADO!$M$3:$M$32)),"") | S36: =IF(W36="CUMPLE",IFERROR(R36*LISTADO!$M$32,"0"),"") | W36: =IF(COUNTBLANK(J36)+COUNTBLANK(N36)+COUNTBLANK(T36)=3,"",IF(COUNTIF(J36,"CUMPLE")+COUNTIF(N36,"CUMPLE")+COUNTIF(T36,"801015")+COUNTIF(T36,"801016")+COUNTIF(T36,"841116")=3,IF(V36="","CUMPLE","NO CUMPLE"),"NO CUMPLE"))
N37: =IF(M37<>"",IF(M37>LISTADO!$J$3,"NO CUMPLE","CUMPLE"),"") | P37: =IF(O37>0,K37*O37,"") | Q37: =IFERROR((P37/_xlfn.XLOOKUP(YEAR(M37),LISTADO!$L$3:$L$32,LISTADO!$M$3:$M$32)),"") | S37: =IF(W37="CUMPLE",IFERROR(R37*LISTADO!$M$32,"0"),"") | W37: =IF(COUNTBLANK(J37)+COUNTBLANK(N37)+COUNTBLANK(T37)=3,"",IF(COUNTIF(J37,"CUMPLE")+COUNTIF(N37,"CUMPLE")+COUNTIF(T37,"801015")+COUNTIF(T37,"801016")+COUNTIF(T37,"841116")=3,IF(V37="","CUMPLE","NO CUMPLE"),"NO CUMPLE"))
A38: 10 | B38: {=IF(INDIRECT("Consolidado!B"&LISTADO!R38)="","",INDIRECT("Consolidado!B"&LISTADO!R38))} -> Consultora Central S.A.S BIC | C38: =B38 -> Consultora Central S.A.S BIC | D38: 1 | E38: =LISTADO!$I$3*0.6 -> 8.1117256e+08 | F38: =E38/LISTADO!$M$32 -> 623.97889 | G38: 1 | H38: MINISTERIO DE EDUCACION NACIONAL: interventoría integral | I38: Consultora Central S.A.S BIC | J38: CUMPLE | K38: 1 | L38: 41254 | M38: 41973 | N38: =IF(M38<>"",IF(M38>LISTADO!$J$3,"NO CUMPLE","CUMPLE"),"") -> CUMPLE | O38: 1362821351 | P38: =IF(O38>0,K38*O38,"") -> 1362821351 | Q38: =IFERROR((P38/_xlfn.XLOOKUP(YEAR(M38),LISTADO!$L$3:$L$32,LISTADO!$M$3:$M$32)),"") -> 2212.3723 | R38: 2212.37 | S38: =IF(W38="CUMPLE",IFERROR(R38*LISTADO!$M$32,"0"),"") -> 2876081000 | T38: 801016 | U38: 125 | W38: =IF(COUNTBLANK(J38)+COUNTBLANK(N38)+COUNTBLANK(T38)=3,"",IF(COUNTIF(J38,"CUMPLE")+COUNTIF(N38,"CUMPLE")+COUNTIF(T38,"801015")+COUNTIF(T38,"801016")+COUNTIF(T38,"841116")=3,IF(V38="","CUMPLE","NO CUMPLE"),"NO CUMPLE")) -> CUMPLE | X38: =IF(G38>0,SUMIFS(S38:S41,W38:W41,"CUMPLE"),"") -> 3463239000 | Y38: =IF(X38="","",IF(X38>=E38,"CUMPLE","NO CUMPLE")) -> CUMPLE | Z38: =IF(Y38="","",IF(Y38="CUMPLE",SUMIFS(R38:R41,W38:W41,"CUMPLE"),0)) -> 2664.03 | AA38: =IFERROR(Z38/COUNTIF(W38:W41,"CUMPLE"),"") -> 1332.015 | AB38: =VLOOKUP(B38,Consolidado!$B$4:$H$16,7,0) -> 26.874154
G39: 2 | H39: MINISTERIO DE EDUCACION NACIONAL: interventoría integral | I39: Consultora Central S.A.S BIC | J39: CUMPLE | K39: 1 | L39: 43761 | M39: 43830 | N39: =IF(M39<>"",IF(M39>LISTADO!$J$3,"NO CUMPLE","CUMPLE"),"") -> CUMPLE | O39: 374034077 | P39: =IF(O39>0,K39*O39,"") -> 374034077 | Q39: =IFERROR((P39/_xlfn.XLOOKUP(YEAR(M39),LISTADO!$L$3:$L$32,LISTADO!$M$3:$M$32)),"") -> 451.6687 | R39: 451.66 | S39: =IF(W39="CUMPLE",IFERROR(R39*LISTADO!$M$32,"0"),"") -> 587158000 | T39: 801015 | U39: 185 | W39: =IF(COUNTBLANK(J39)+COUNTBLANK(N39)+COUNTBLANK(T39)=3,"",IF(COUNTIF(J39,"CUMPLE")+COUNTIF(N39,"CUMPLE")+COUNTIF(T39,"801015")+COUNTIF(T39,"801016")+COUNTIF(T39,"841116")=3,IF(V39="","CUMPLE","NO CUMPLE"),"NO CUMPLE")) -> CUMPLE
N40: =IF(M40<>"",IF(M40>LISTADO!$J$3,"NO CUMPLE","CUMPLE"),"") | P40: =IF(O40>0,K40*O40,"") | Q40: =IFERROR((P40/_xlfn.XLOOKUP(YEAR(M40),LISTADO!$L$3:$L$32,LISTADO!$M$3:$M$32)),"") | S40: =IF(W40="CUMPLE",IFERROR(R40*LISTADO!$M$32,"0"),"") | W40: =IF(COUNTBLANK(J40)+COUNTBLANK(N40)+COUNTBLANK(T40)=3,"",IF(COUNTIF(J40,"CUMPLE")+COUNTIF(N40,"CUMPLE")+COUNTIF(T40,"801015")+COUNTIF(T40,"801016")+COUNTIF(T40,"841116")=3,IF(V40="","CUMPLE","NO CUMPLE"),"NO CUMPLE"))
N41: =IF(M41<>"",IF(M41>LISTADO!$J$3,"NO CUMPLE","CUMPLE"),"") | P41: =IF(O41>0,K41*O41,"") | Q41: =IFERROR((P41/_xlfn.XLOOKUP(YEAR(M41),LISTADO!$L$3:$L$32,LISTADO!$M$3:$M$32)),"") | S41: =IF(W41="CUMPLE",IFERROR(R41*LISTADO!$M$32,"0"),"") | W41: =IF(COUNTBLANK(J41)+COUNTBLANK(N41)+COUNTBLANK(T41)=3,"",IF(COUNTIF(J41,"CUMPLE")+COUNTIF(N41,"CUMPLE")+COUNTIF(T41,"801015")+COUNTIF(T41,"801016")+COUNTIF(T41,"841116")=3,IF(V41="","CUMPLE","NO CUMPLE"),"NO CUMPLE"))
A42: 11 | B42: {=IF(INDIRECT("Consolidado!B"&LISTADO!R42)="","",INDIRECT("Consolidado!B"&LISTADO!R42))} -> CONSORCIO INTERVENCIÓN Y SEGURIDAD DISTRITAL | C42: INGEPLAN.CO SAS EMPRESA DE BENEFICIO E INTERES COLECTIVO BIC NIT 800169622-1 | D42: 0.5 | E42: =LISTADO!$I$3*0.6 -> 8.1117256e+08 | F42: =E42/LISTADO!$M$32 -> 623.97889 | G42: 1 | H42: MINISTERIO DE AGRICULTURA Y DESARROLLO RURAL- Realizar la interventoría técnica, administrativa, jurídica, ambiental, contable y financiera a los convenios suscritos por el Ministerio de Agricultura y Desarrollo Rural en el marco del Fondo de Fomento Agropecuario con las entidades territoriales u organizaciones correspondientes a las regiones centro oriente- centro sur y eje cafetero | I42: INGEPLAN.CO SAS EMPRESA DE BENEFICIO E INTERES COLECTIVO BIC NIT 800169622-1 | J42: CUMPLE | K42: 0.3 | L42: 44559 | M42: 45010 | N42: =IF(M42<>"",IF(M42>LISTADO!$J$3,"NO CUMPLE","CUMPLE"),"") -> CUMPLE | O42: 3259504248 | P42: =IF(O42>0,K42*O42,"") -> 9.7785127e+08 | Q42: =IFERROR((P42/_xlfn.XLOOKUP(YEAR(M42),LISTADO!$L$3:$L$32,LISTADO!$M$3:$M$32)),"") -> 842.97524 | R42: 842 | S42: =IF(W42="CUMPLE",IFERROR(R42*LISTADO!$M$32,"0"),"") -> 1094600000 | T42: 801015 | U42: 63 | W42: =IF(COUNTBLANK(J42)+COUNTBLANK(N42)+COUNTBLANK(T42)=3,"",IF(COUNTIF(J42,"CUMPLE")+COUNTIF(N42,"CUMPLE")+COUNTIF(T42,"801015")+COUNTIF(T42,"801016")+COUNTIF(T42,"841116")=3,IF(V42="","CUMPLE","NO CUMPLE"),"NO CUMPLE")) -> CUMPLE | X42: =IF(G42>0,SUMIFS(S42:S45,W42:W45,"CUMPLE"),"") -> 2774200000 | Y42: =IF(X42="","",IF(X42>=E42,"CUMPLE","NO CUMPLE")) -> CUMPLE | Z42: =IF(Y42="","",IF(Y42="CUMPLE",SUMIFS(R42:R45,W42:W45,"CUMPLE"),0)) -> 2134 | AA42: =IFERROR(Z42/COUNTIF(W42:W45,"CUMPLE"),"") -> 1067 | AB42: =VLOOKUP(B42,Consolidado!$B$4:$H$16,7,0) -> 30.540405
C43: WLG GROUP CONSULTORES LTDA NIT 824001886-2 | D43: 0.5 | G43: 2 | H43: MINISTERIO DE EDUCACIÓN NACIONAL: Realizar la interventoría técnica, administrativa, contable, financiera, jurídica al contrato de auditoria cuyo objeto es "realizar auditoria a la información reportada en el Sistema Integrado de Matrícula - SIMAT y el Sistema Nacional de Información de la educación Superior - SNIES del Ministerio de Educación Nacional | I43: INGEPLAN.CO SAS EMPRESA DE BENEFICIO E INTERES COLECTIVO BIC NIT 800169622-1 | J43: CUMPLE | K43: 1 | L43: 44796 | M43: 44942 | N43: =IF(M43<>"",IF(M43>LISTADO!$J$3,"NO CUMPLE","CUMPLE"),"") -> CUMPLE | O43: 1499430834 | P43: =IF(O43>0,K43*O43,"") -> 1499430834 | Q43: =IFERROR((P43/_xlfn.XLOOKUP(YEAR(M43),LISTADO!$L$3:$L$32,LISTADO!$M$3:$M$32)),"") -> 1292.6128 | R43: 1292 | S43: =IF(W43="CUMPLE",IFERROR(R43*LISTADO!$M$32,"0"),"") -> 1679600000 | T43: 841116 | U43: 76 | W43: =IF(COUNTBLANK(J43)+COUNTBLANK(N43)+COUNTBLANK(T43)=3,"",IF(COUNTIF(J43,"CUMPLE")+COUNTIF(N43,"CUMPLE")+COUNTIF(T43,"801015")+COUNTIF(T43,"801016")+COUNTIF(T43,"841116")=3,IF(V43="","CUMPLE","NO CUMPLE"),"NO CUMPLE")) -> CUMPLE
N44: =IF(M44<>"",IF(M44>LISTADO!$J$3,"NO CUMPLE","CUMPLE"),"") | P44: =IF(O44>0,K44*O44,"") | Q44: =IFERROR((P44/_xlfn.XLOOKUP(YEAR(M44),LISTADO!$L$3:$L$32,LISTADO!$M$3:$M$32)),"") | S44: =IF(W44="CUMPLE",IFERROR(R44*LISTADO!$M$32,"0"),"") | W44: =IF(COUNTBLANK(J44)+COUNTBLANK(N44)+COUNTBLANK(T44)=3,"",IF(COUNTIF(J44,"CUMPLE")+COUNTIF(N44,"CUMPLE")+COUNTIF(T44,"801015")+COUNTIF(T44,"801016")+COUNTIF(T44,"841116")=3,IF(V44="","CUMPLE","NO CUMPLE"),"NO CUMPLE"))
N45: =IF(M45<>"",IF(M45>LISTADO!$J$3,"NO CUMPLE","CUMPLE"),"") | P45: =IF(O45>0,K45*O45,"") | Q45: =IFERROR((P45/_xlfn.XLOOKUP(YEAR(M45),LISTADO!$L$3:$L$32,LISTADO!$M$3:$M$32)),"") | S45: =IF(W45="CUMPLE",IFERROR(R45*LISTADO!$M$32,"0"),"") | W45: =IF(COUNTBLANK(J45)+COUNTBLANK(N45)+COUNTBLANK(T45)=3,"",IF(COUNTIF(J45,"CUMPLE")+COUNTIF(N45,"CUMPLE")+COUNTIF(T45,"801015")+COUNTIF(T45,"801016")+COUNTIF(T45,"841116")=3,IF(V45="","CUMPLE","NO CUMPLE"),"NO CUMPLE"))
A46: 12 | B46: {=IF(INDIRECT("Consolidado!B"&LISTADO!R46)="","",INDIRECT("Consolidado!B"&LISTADO!R46))} -> Strycon Energía: NIT 901.466.510-3 | C46: =B46 -> Strycon Energía: NIT 901.466.510-3 | D46: 1 | E46: =LISTADO!$I$3*0.6 -> 8.1117256e+08 | F46: =E46/LISTADO!$M$32 -> 623.97889 | G46: 1 | H46: ECOPETROL S.A.: INTERVENTORÍA TÉCNICA, ADMINISTRATIVA FINANCIERA Y JURIDICA DE LOS CONTRATOS DE LA REGIONAL CENTRAL DE ADMINISTRACIÓN DE SERVICIOS DE ECOPETROL S.A. A DESARROLLAR DURANTE LAS VIGENCIAS 2005 Y 2006. Contrato Marco No 5201524 | I46: Tryon Energía: NIT 901.466.510-3 | J46: CUMPLE | K46: 1 | L46: 38715 | M46: 38880 | N46: =IF(M46<>"",IF(M46>LISTADO!$J$3,"NO CUMPLE","CUMPLE"),"") -> CUMPLE | O46: 407695769 | P46: 354730025 | Q46: =IFERROR((P46/_xlfn.XLOOKUP(YEAR(M46),LISTADO!$L$3:$L$32,LISTADO!$M$3:$M$32)),"") -> 869.43634 | R46: 861.42 | S46: =IF(W46="CUMPLE",IFERROR(R46*LISTADO!$M$32,"0"),"") -> 1119846000 | T46: 801015 | U46: 75 | W46: =IF(COUNTBLANK(J46)+COUNTBLANK(N46)+COUNTBLANK(T46)=3,"",IF(COUNTIF(J46,"CUMPLE")+COUNTIF(N46,"CUMPLE")+COUNTIF(T46,"801015")+COUNTIF(T46,"801016")+COUNTIF(T46,"841116")=3,IF(V46="","CUMPLE","NO CUMPLE"),"NO CUMPLE")) -> CUMPLE | X46: =IF(G46>0,SUMIFS(S46:S49,W46:W49,"CUMPLE"),"") -> 1119846000 | Y46: =IF(X46="","",IF(X46>=E46,"CUMPLE","NO CUMPLE")) -> CUMPLE | Z46: =IF(Y46="","",IF(Y46="CUMPLE",SUMIFS(R46:R49,W46:W49,"CUMPLE"),0)) -> 861.42 | AA46: =IFERROR(Z46/COUNTIF(W46:W49,"CUMPLE"),"") -> 861.42 | AB46: =VLOOKUP(B46,Consolidado!$B$4:$H$16,7,0)
N47: =IF(M47<>"",IF(M47>LISTADO!$J$3,"NO CUMPLE","CUMPLE"),"") | P47: =IF(O47>0,K47*O47,"") | Q47: =IFERROR((P47/_xlfn.XLOOKUP(YEAR(M47),LISTADO!$L$3:$L$32,LISTADO!$M$3:$M$32)),"") | S47: =IF(W47="CUMPLE",IFERROR(R47*LISTADO!$M$32,"0"),"") | W47: =IF(COUNTBLANK(J47)+COUNTBLANK(N47)+COUNTBLANK(T47)=3,"",IF(COUNTIF(J47,"CUMPLE")+COUNTIF(N47,"CUMPLE")+COUNTIF(T47,"801015")+COUNTIF(T47,"801016")+COUNTIF(T47,"841116")=3,IF(V47="","CUMPLE","NO CUMPLE"),"NO CUMPLE"))
N48: =IF(M48<>"",IF(M48>LISTADO!$J$3,"NO CUMPLE","CUMPLE"),"") | P48: =IF(O48>0,K48*O48,"") | Q48: =IFERROR((P48/_xlfn.XLOOKUP(YEAR(M48),LISTADO!$L$3:$L$32,LISTADO!$M$3:$M$32)),"") | S48: =IF(W48="CUMPLE",IFERROR(R48*LISTADO!$M$32,"0"),"") | W48: =IF(COUNTBLANK(J48)+COUNTBLANK(N48)+COUNTBLANK(T48)=3,"",IF(COUNTIF(J48,"CUMPLE")+COUNTIF(N48,"CUMPLE")+COUNTIF(T48,"801015")+COUNTIF(T48,"801016")+COUNTIF(T48,"841116")=3,IF(V48="","CUMPLE","NO CUMPLE"),"NO CUMPLE"))
N49: =IF(M49<>"",IF(M49>LISTADO!$J$3,"NO CUMPLE","CUMPLE"),"") | P49: =IF(O49>0,K49*O49,"") | Q49: =IFERROR((P49/_xlfn.XLOOKUP(YEAR(M49),LISTADO!$L$3:$L$32,LISTADO!$M$3:$M$32)),"") | S49: =IF(W49="CUMPLE",IFERROR(R49*LISTADO!$M$32,"0"),"") | W49: =IF(COUNTBLANK(J49)+COUNTBLANK(N49)+COUNTBLANK(T49)=3,"",IF(COUNTIF(J49,"CUMPLE")+COUNTIF(N49,"CUMPLE")+COUNTIF(T49,"801015")+COUNTIF(T49,"801016")+COUNTIF(T49,"841116")=3,IF(V49="","CUMPLE","NO CUMPLE"),"NO CUMPLE"))
A50: 13 | B50: {=IF(INDIRECT("Consolidado!B"&LISTADO!R50)="","",INDIRECT("Consolidado!B"&LISTADO!R50))} -> ALIANZA INTEGRAL DE PROYECTOS SAS BIC: NIT 901.506.750-7 | C50: =B50 -> ALIANZA INTEGRAL DE PROYECTOS SAS BIC: NIT 901.506.750-7 | D50: 1 | E50: =LISTADO!$I$3*0.6 -> 8.1117256e+08 | F50: =E50/LISTADO!$M$32 -> 623.97889 | G50: 1 | H50: FONTIC INTERVENTORIA INTEGRAL: INTERVENTORÍA INTEGRAL AL PROYECTO KIOSCOS VIVE DIGITAL FASE 11 EN LAS REGIONES 3, 4 Y 6, INCLUYENDO LOS ASPECTOS TÉCNICOS, JURÍDICOS, FINANCIEROS, CONTABLES, ADMINISTRATIVOS, AMBIENTALES Y SOCIALES | I50: ALIANZA INTEGRAL DE PROYECTOS SAS BIC NIT 901.506.750-7 | J50: CUMPLE | K50: 0.33 | L50: 41639 | M50: 43100 | N50: =IF(M50<>"",IF(M50>LISTADO!$J$3,"NO CUMPLE","CUMPLE"),"") -> CUMPLE | O50: 7284916000 | P50: =IF(O50>0,K50*O50,"") -> 2404022280 | Q50: =IFERROR((P50/_xlfn.XLOOKUP(YEAR(M50),LISTADO!$L$3:$L$32,LISTADO!$M$3:$M$32)),"") -> 3258.7324 | R50: =11096.64*0.33 -> 3661.8912 | S50: =IF(W50="CUMPLE",IFERROR(R50*LISTADO!$M$32,"0"),"") -> 4760458560 | T50: 801015 | U50: 534 | W50: =IF(COUNTBLANK(J50)+COUNTBLANK(N50)+COUNTBLANK(T50)=3,"",IF(COUNTIF(J50,"CUMPLE")+COUNTIF(N50,"CUMPLE")+COUNTIF(T50,"801015")+COUNTIF(T50,"801016")+COUNTIF(T50,"841116")=3,IF(V50="","CUMPLE","NO CUMPLE"),"NO CUMPLE")) -> CUMPLE | X50: =IF(G50>0,SUMIFS(S50:S53,W50:W53,"CUMPLE"),"") -> 5595793060 | Y50: =IF(X50="","",IF(X50>=E50,"CUMPLE","NO CUMPLE")) -> CUMPLE | Z50: =IF(Y50="","",IF(Y50="CUMPLE",SUMIFS(R50:R53,W50:W53,"CUMPLE"),0)) -> 4304.4562 | AA50: =IFERROR(Z50/COUNTIF(W50:W53,"CUMPLE"),"") -> 1076.114 | AB50: =VLOOKUP(B50,Consolidado!$B$4:$H$16,7,0) -> 30.801273
G51: 2 | H51: VINCI CCOACTING SA: INTERVENTORIA TECNICA, ADMINISTRATIVA, FINANCIERA Y JURIDICA A LA EJECUCIÓN DE ACTIVIDADES RELACIONADAS A CONTINUACION: * PRESTACIÓN DE SERVICIOS DE INTERVENTORÍA A PROYECTOS TIC.* IMPLEMENTACION DE SISTEMAS DE MONITOREO Y CAMARAS DE SEGURIDAD (VIDEOVIGILANCIA)* IMPLANTAR, PROVEER, MANTENER O SOPORTAR SERVICIOS DE CONECTIVIDAD (WAN Y/O INTERNET).* IMPLANTAR, PROVEER, MANTENER O SOPORTAR SERVICIOS DE TELEFONÍA IP Y/O MÓVILES* IMPLANTAR, MANTENER O SOPORTAR REDES LAN, WLAN Y CABLEADO ESTRUCTURADO.* IMPLANTAR, MANTENER O SOPORTAR LA SEGURIDAD Y CONECTIVIDAD WAN* IMPLANTAR, MANTENER O SOPORTAR SERVICIOS DE CENTROS DE DATOS.* IMPLANTAR, PROVEER, MANTENER O SOPORTAR SERVICIOS DE ENERGÍA ELÉCTRICA REGULADA* IMPLANTAR, PROVEER, MANTENER O SOPORTAR SERVICIOS DE MESA DE AYUDA.* IMPLANTAR, PROVEER, MANTENER O SOPORTAR SERVICIOS DE VIDEO CONFERENCIA | I51: ALIANZA INTEGRAL DE PROYECTOS SAS BIC NIT 901.506.750-7 | J51: CUMPLE | K51: 1 | L51: 41793 | M51: 42431 | N51: =IF(M51<>"",IF(M51>LISTADO!$J$3,"NO CUMPLE","CUMPLE"),"") -> CUMPLE | O51: 160000000 | P51: =IF(O51>0,K51*O51,"") -> 160000000 | Q51: =IFERROR((P51/_xlfn.XLOOKUP(YEAR(M51),LISTADO!$L$3:$L$32,LISTADO!$M$3:$M$32)),"") -> 232.06736 | R51: 232.06 | S51: =IF(W51="CUMPLE",IFERROR(R51*LISTADO!$M$32,"0"),"") -> 301678000 | T51: 801016 | U51: 436 | W51: =IF(COUNTBLANK(J51)+COUNTBLANK(N51)+COUNTBLANK(T51)=3,"",IF(COUNTIF(J51,"CUMPLE")+COUNTIF(N51,"CUMPLE")+COUNTIF(T51,"801015")+COUNTIF(T51,"801016")+COUNTIF(T51,"841116")=3,IF(V51="","CUMPLE","NO CUMPLE"),"NO CUMPLE")) -> CUMPLE
G52: 3 | H52: VINCI CCOACTING SA: INTERVENTORIA TECNICA, ADMINISTRATIVA, FINANCIERA Y JURIDICA A LA EJECUCIÓN DE ACTIVIDADES RELACIONADAS A CONTINUACION: • SUPERVISION Y SEGUIMIENTO DE CONTRATOS. • APOYO A LA GESTION Y EL DESARROLLO DE LAS ACTIVIDADES ADMINISTRATIVAS, FINANCIERAS, JURIDICAS Y TECNICAS EN LA PRESTACION DE LOS SERVICIOS. • APOYO EN LA GESTION DEL FORTALECIMIENTO EMPRESARIAL.• PROMOCION Y PREVENCION EN SALUD. | I52: ALIANZA INTEGRAL DE PROYECTOS SAS BIC NIT 901.506.750-7 | J52: CUMPLE | K52: 1 | L52: 40960 | M52: 41387 | N52: =IF(M52<>"",IF(M52>LISTADO!$J$3,"NO CUMPLE","CUMPLE"),"") -> CUMPLE | O52: 140000000 | P52: =IF(O52>0,K52*O52,"") -> 140000000 | Q52: =IFERROR((P52/_xlfn.XLOOKUP(YEAR(M52),LISTADO!$L$3:$L$32,LISTADO!$M$3:$M$32)),"") -> 237.4894 | R52: 237.48 | S52: =IF(W52="CUMPLE",IFERROR(R52*LISTADO!$M$32,"0"),"") -> 308724000 | T52: 801016 | U52: 434 | W52: =IF(COUNTBLANK(J52)+COUNTBLANK(N52)+COUNTBLANK(T52)=3,"",IF(COUNTIF(J52,"CUMPLE")+COUNTIF(N52,"CUMPLE")+COUNTIF(T52,"801015")+COUNTIF(T52,"801016")+COUNTIF(T52,"841116")=3,IF(V52="","CUMPLE","NO CUMPLE"),"NO CUMPLE")) -> CUMPLE
G53: 4 | H53: EMPRESA DE ACUEDUCTO DE BOGOTA: INTERVENTORÍA A LA CONSULTORÍA PARA LA ELABORACIÓN DEL PLAN DE COMUNICACIONES DE LA EAAB - ESP, DEFINICIÓN DE UNA O VARIAS SOLUCIONES DE COMUNICACIÓN, INCLUYENDO LOS ESTUDIOS TÉCNICOS, ECONÓMICOS, FINANCIEROS, ELABORACIÓN DE LAS ESPECIFICACIONES TÉCNICAS DE LA SOLACIÓN DE PARÁMETROS DE LAS BANDAS DE FRECUENCIA PARA EL USO ACTUAL Y FUTURO EN LA EAAB - ESP | I53: ALIANZA INTEGRAL DE PROYECTOS SAS BIC NIT 901.506.750-7 | J53: CUMPLE | K53: 0.5 | L53: 43887 | M53: 44101 | N53: =IF(M53<>"",IF(M53>LISTADO!$J$3,"NO CUMPLE","CUMPLE"),"") -> CUMPLE | O53: 314398891 | P53: =IF(O53>0,K53*O53,"") -> 1.5719945e+08 | Q53: =IFERROR((P53/_xlfn.XLOOKUP(YEAR(M53),LISTADO!$L$3:$L$32,LISTADO!$M$3:$M$32)),"") -> 179.08283 | R53: =346.05*0.5 -> 173.025 | S53: =IF(W53="CUMPLE",IFERROR(R53*LISTADO!$M$32,"0"),"") -> 224932500 | T53: 801015 | U53: 468 | W53: =IF(COUNTBLANK(J53)+COUNTBLANK(N53)+COUNTBLANK(T53)=3,"",IF(COUNTIF(J53,"CUMPLE")+COUNTIF(N53,"CUMPLE")+COUNTIF(T53,"801015")+COUNTIF(T53,"801016")+COUNTIF(T53,"841116")=3,IF(V53="","CUMPLE","NO CUMPLE"),"NO CUMPLE")) -> CUMPLE

Sheet 2. Exp. Adic.  Director Interv.
A1: N°. DE PROPONENTE | B1: NOMBRE DEL PROPONENTE | C1: NOMBRE DIRECTOR DEL PROYECTO PROPUESTO | D1: NUMERO DE DOCUMENTO DE IDENTIDAD | E1: EMPRESA CONTRATANTE | F1: Experiencia | H1: MESES CERTIFICADOS | I1: CUMPLE / NO CUMPLE CON LA EXPERIENCIA CERTIFICADA | J1: Observaciones a certificaciones individuales | K1: Total Experiencia adicional (menor a 36 meses=10 puntos) o (mayor a 36 meses =23 puntos): | L1: EXPERIENCIA ESPECÍFICA ADICIONAL DIRECTOR DE INTERVENTORÍA
F2: Fecha Inicio | G2: Fecha Fin | L2: FORMATO 14 FIRMADO (SI - NO) | M2: PUNTAJE | N2: OBSERVACIÓN GENERAL
A3: 1 | B3: {=IF(INDIRECT("Consolidado!B"&LISTADO!Q2)="","",INDIRECT("Consolidado!B"&LISTADO!Q2))} -> ARES SECURITY LTDA: NIT 900.599.147-1 | C3: GUSTAVO ENRIQUE ROSALES ESCOBAR | D3: 80422094 | H3: =DATEDIF(F3,G3,"m") -> 0 | K3: =SUMIFS(H3:H7,I3:I7,"CUMPLE") -> 0 | L3: SI | M3: =IF(L3="",0,IF(L3="SI",IF(K3=0,0,IF(K3<36,10,23)),0)) -> 0 | N3: El proponente no aportó los soportes tanto académicos como de experiencia adicional exigidos para los requisitos ponderables según el numeral 5.1.2. EXPERIENCIA ESPECÍFICA ADICIONAL DEL DIRECTOR DE INTERVENTORÍA (23 PUNTOS) del pliego de condiciones.
H4: =DATEDIF(F4,G4,"m") -> 0
H5: =DATEDIF(F5,G5,"m") -> 0
H6: =DATEDIF(F6,G6,"m") -> 0
H7: =DATEDIF(F7,G7,"m") -> 0
A8: 2 | B8: {=IF(INDIRECT("Consolidado!B"&LISTADO!Q7)="","",INDIRECT("Consolidado!B"&LISTADO!Q7))} -> GERMAN MONTENEGRO FAJARDO AUDITORES & ASESORES S.A.S. BIC 900.335.334-8 | C8: JUAN GABRIEL ACOSTA TOVAR | D8: 7.733.030 | E8: LAOS SEGURIDAD LTDA | F8: 43133 | G8: 45576 | H8: =DATEDIF(F8,G8,"m") -> 80 | I8: CUMPLE | J8: El proponente en el término de traslado, presentó documento aclaratorio frente a la acreditación y conteo de la experiencia, indicando que a pesar de que sea una misma certificación de experiencia, se debe contabilizar de manera separa tanto para el requisito habilitante como para el ponderable, en este sentido, el comité acepta su observación y procede con el ajuste en la evaluación definitiva. | K8: =SUMIFS(H8:H12,I8:I12,"CUMPLE") -> 80 | L8: SI | M8: =IF(L8="",0,IF(L8="SI",IF(K8=0,0,IF(K8<36,10,23)),0)) -> 23 | N8: El proponente en el término de traslado, presentó documento aclaratorio frente a la acreditación y conteo de la experiencia, indicando que a pesar de que sea una misma certificación de experiencia, se debe contabilizar de manera separa tanto para el requisito habilitante como para el ponderable, en este sentido, el comité acepta su observación y procede con el ajuste en la evaluación definitiva.
H9: =DATEDIF(F9,G9,"m") -> 0
H10: =DATEDIF(F10,G10,"m") -> 0
H11: =DATEDIF(F11,G11,"m") -> 0
H12: =DATEDIF(F12,G12,"m") -> 0
A13: 3 | B13: {=IF(INDIRECT("Consolidado!B"&LISTADO!Q12)="","",INDIRECT("Consolidado!B"&LISTADO!Q12))} -> JFS CONSULTORES S.A.S. -BIC 901.542.814-2 | C13: JORGE OLIVER VARGAS BELTRAN | D13: 93373569 | E13: CELTAS VIGILANCIA | F13: 42376 | G13: 43130 | H13: =DATEDIF(F13,G13,"m") -> 24 | I13: CUMPLE | K13: =SUMIFS(H13:H17,I13:I17,"CUMPLE") -> 41 | L13: SI | M13: =IF(L13="",0,IF(L13="SI",IF(K13=0,0,IF(K13<36,10,23)),0)) -> 23
E14: SECURITAS COLOMBIA SA | F14: 43329 | G14: 43864 | H14: =DATEDIF(F14,G14,"m") -> 17 | I14: CUMPLE
H15: =DATEDIF(F15,G15,"m") -> 0
H16: =DATEDIF(F16,G16,"m") -> 0
H17: =DATEDIF(F17,G17,"m") -> 0
A18: 4 | B18: {=IF(INDIRECT("Consolidado!B"&LISTADO!Q17)="","",INDIRECT("Consolidado!B"&LISTADO!Q17))} -> SCAIPROYEKTA S.A.S. BIC: NIT 901.476.977-1 | C18: HECTOR GIOVANNI GALEANO GUAVITA | D18: 79702187 | E18: ORGANIZACIÓN GDC GESTION DESARROLLO Y CRECIMIENTO EMPRESARIAL | F18: 44238 | G18: 44377 | H18: =DATEDIF(F18,G18,"m") -> 4 | I18: CUMPLE | J18: El proponente en el término de traslado, presentó documento aclaratorio frente a la acreditación y conteo de la experiencia, indicando que a pesar de que sea una misma certificación de experiencia, se debe contabilizar de manera separa tanto para el requisito habilitante como para el ponderable, en este sentido, el comité acepta su observación y procede con el ajuste en la evaluación definitiva. La fecha de inicio para esta certificación, se cuenta a partir del día siguiente de la fecha de finalización (10/02/2021) de la experiencia necesaria habilitante. | K18: =SUMIFS(H18:H22,I18:I22,"CUMPLE") -> 35 | L18: SI | M18: =IF(L18="",0,IF(L18="SI",IF(K18=0,0,IF(K18<36,10,23)),0)) -> 10 | N18: El proponente en el término de traslado, presentó documento aclaratorio frente a la acreditación y conteo de la experiencia, indicando que a pesar de que sea una misma certificación de experiencia, se debe contabilizar de manera separa tanto para el requisito habilitante como para el ponderable, en este sentido, el comité acepta su observación y procede con el ajuste en la evaluación definitiva
E19: Seguridad Fénix de Colombia LTDA | F19: 44478 | G19: 44578 | H19: =DATEDIF(F19,G19,"m") -> 3 | I19: CUMPLE
E20: Seguridad El Progreso | F20: 44652 | G20: 44957 | H20: =DATEDIF(F20,G20,"m") -> 9 | I20: CUMPLE
E21: Consorcio Seguridad S2 | F21: 44958 | G21: 45218 | H21: =DATEDIF(F21,G21,"m") -> 8 | I21: CUMPLE | J21: La certificación presenta simultaneidad con la certificación anterior ya que esta inicia el 01/12/2022, por lo cual se inicia a contar su experiencia desde el 01/02/2023, es preciso señalar lo indicado en la NOTA 5 respecto a la simultaneidad del numeral 4.5.4 Exigencias mínimas de experiencia y formación académica del equipo de trabajo.
E22: Seguridad El Progreso | F22: 45219 | G22: 45575 | H22: =DATEDIF(F22,G22,"m") -> 11 | I22: CUMPLE
A23: 5 | B23: {=IF(INDIRECT("Consolidado!B"&LISTADO!Q22)="","",INDIRECT("Consolidado!B"&LISTADO!Q22))} -> UT GREM-NOVAC | C23: RONALD GREGORIO GALVIS QUINTERO | D23: 19462080 | E23: EMPRESA ATALAYA 1 SECURITY GROUP LTDA | F23: 42748 | G23: 45569 | H23: =DATEDIF(F23,G23,"m") -> 92 | I23: CUMPLE | J23: El Comité evaluador de conformidad con la interpretación adoptada frente al conteo de la experiencia tanto habilitante y ponderable se permite ajustar la evaluación en el sentido de tomar el tiempo requerido para el habilitante y el excedente para el ponderable por principio de igualdad en la evaluación de los proponentes. | K23: =SUMIFS(H23:H27,I23:I27,"CUMPLE") -> 92 | L23: SI | M23: =IF(L23="",0,IF(L23="SI",IF(K23=0,0,IF(K23<36,10,23)),0)) -> 23 | N23: El Comité evaluador de conformidad con la interpretación adoptada frente al conteo de la experiencia tanto habilitante y ponderable se permite ajustar la evaluación en el sentido de tomar el tiempo requerido para el habilitante y el excedente para el ponderable por principio de igualdad en la evaluación de los proponentes.
H24: =DATEDIF(F24,G24,"m") -> 0
H25: =DATEDIF(F25,G25,"m") -> 0
H26: =DATEDIF(F26,G26,"m") -> 0
H27: =DATEDIF(F27,G27,"m") -> 0
A28: 6 | B28: {=IF(INDIRECT("Consolidado!B"&LISTADO!Q27)="","",INDIRECT("Consolidado!B"&LISTADO!Q27))} -> SGA CONSULTORES S.A.S: NIT 901.549.833-4 | C28: ARNULFO BARBOSA PINZÓN | D28: 17414101 | E28: Protevis LTDA | F28: 42050 | G28: 44920 | H28: =DATEDIF(F28,G28,"m") -> 94 | I28: CUMPLE | J28: El proponente en el término de traslado, presentó documento aclaratorio frente a la acreditación y conteo de la experiencia, indicando que a pesar de que sea una misma certificación de experiencia, se debe contabilizar de manera separa tanto para el requisito habilitante como para el ponderable, en este sentido, el comité acepta su observación y procede con el ajuste en la evaluación definitiva. El proponente en el término de traslado, presentó documento aclaratorio frente a la experiencia profesional requerida para el Director de la interventoría, aclarando que la certificación del sr Arnulfo Barbosa Pinzón, ejerció actividades tanto como gerente financiero como gerente general de la empresa PROTEVIS LTDA (PROTECCIÓN VIGILANCIA Y SEGURIDAD) | K28: =SUMIFS(H28:H32,I28:I32,"CUMPLE") -> 94 | L28: SI | M28: =IF(L28="",0,IF(L28="SI",IF(K28=0,0,IF(K28<36,10,23)),0)) -> 23 | N28: El proponente en el término de traslado, presentó documento aclaratorio frente a la acreditación y conteo de la experiencia, indicando que a pesar de que sea una misma certificación de experiencia, se debe contabilizar de manera separa tanto para el requisito habilitante como para el ponderable, en este sentido, el comité acepta su observación y procede con el ajuste en la evaluación definitiva. El proponente en el término de traslado, presentó documento aclaratorio frente a la experiencia profesional requerida para el Director de la interventoría, aclarando que la certificación del sr Arnulfo Barbosa Pinzón, ejerció actividades tanto como gerente financiero como gerente general de la empresa PROTEVIS LTDA (PROTECCIÓN VIGILANCIA Y SEGURIDAD)
H29: =DATEDIF(F29,G29,"m") -> 0
H30: =DATEDIF(F30,G30,"m") -> 0
H31: =DATEDIF(F31,G31,"m") -> 0
H32: =DATEDIF(F32,G32,"m") -> 0
A33: 7 | B33: {=IF(INDIRECT("Consolidado!B"&LISTADO!Q32)="","",INDIRECT("Consolidado!B"&LISTADO!Q32))} -> SMARTY COLOMBIA SAS BIC: NIT 900249549-6 | C33: JULIAN ANDRES PUENTES BECERRA | D33: 79803323 | E33: LA ORGANIZACIÓN GDC | F33: 42997 | G33: 43028 | H33: =DATEDIF(F33,G33,"m") -> 1 | I33: CUMPLE | K33: =SUMIFS(H33:H41,I33:I41,"CUMPLE") -> 55 | L33: SI | M33: =IF(L33="",0,IF(L33="SI",IF(K33=0,0,IF(K33<36,10,23)),0)) -> 23
E34: LA ORGANIZACIÓN GDC | F34: 43263 | G34: 43571 | H34: =DATEDIF(F34,G34,"m") -> 10 | I34: CUMPLE
E35: LA ORGANIZACIÓN GDC | F35: 43572 | G35: 43920 | H35: =DATEDIF(F35,G35,"m") -> 11 | I35: CUMPLE | J35: La certificación presenta simultaneidad con la certificación anterior ya que esta inicia el 15/10/2018, por lo cual se inicia a contar su experiencia desde el 17/04/2019
E36: LA ORGANIZACIÓN GDC | F36: 43570 | G36: 43600 | H36: =DATEDIF(F36,G36,"m") -> 1 | I36: NO CUMPLE | J36: La certificación presenta simultaneidad con la certificación anterior, por lo cual no le suma experiencia
E37: LA ORGANIZACIÓN GDC | F37: 43628 | G37: 43666 | H37: =DATEDIF(F37,G37,"m") -> 1 | I37: NO CUMPLE | J37: La certificación presenta simultaneidad con la certificación anterior, por lo cual no le suma experiencia
E38: LA ORGANIZACIÓN GDC | F38: 43661 | G38: 43692 | H38: =DATEDIF(F38,G38,"m") -> 1 | I38: NO CUMPLE | J38: La certificación presenta simultaneidad con la certificación anterior, por lo cual no le suma experiencia
E39: LA ORGANIZACIÓN GDC | F39: 44141 | G39: 44342 | H39: =DATEDIF(F39,G39,"m") -> 6 | I39: CUMPLE
E40: CONSORCIO SEGURIDAD S2 | F40: 44393 | G40: 45218 | H40: =DATEDIF(F40,G40,"m") -> 27 | I40: CUMPLE
E41: SMARTY COLOMBIA SAS BIC | F41: 44396 | G41: 45218 | H41: =DATEDIF(F41,G41,"m") -> 27 | I41: NO CUMPLE | J41: La certificación presenta simultaneidad con la certificación anterior, por lo cual no le suma experiencia
A42: 8 | B42: {=IF(INDIRECT("Consolidado!B"&LISTADO!Q37)="","",INDIRECT("Consolidado!B"&LISTADO!Q37))} -> CONSORCIO TOOL | C42: JHON FREDY TELLEZ AMAYA | D42: 79.855.660 | E42: SEGURIDAD NAPOLES | F42: 41259 | G42: 41953 | H42: =DATEDIF(F42,G42,"m") -> 22 | I42: CUMPLE | K42: =SUMIFS(H42:H46,I42:I46,"CUMPLE") -> 41 | L42: SI | M42: =IF(L42="",0,IF(L42="SI",IF(K42=0,0,IF(K42<36,10,23)),0)) -> 23
E43: SEGURIDAD MONSERRATE | F43: 41944 | G43: 42536 | H43: =DATEDIF(F43,G43,"m") -> 19 | I43: CUMPLE
H44: =DATEDIF(F44,G44,"m") -> 0
H45: =DATEDIF(F45,G45,"m") -> 0
H46: =DATEDIF(F46,G46,"m") -> 0
A47: 9 | B47: {=IF(INDIRECT("Consolidado!B"&LISTADO!Q42)="","",INDIRECT("Consolidado!B"&LISTADO!Q42))} -> CONSORCIO INTERVENTORÍA DE VIGILANCIA 2024 | C47: LEONEL FONSECA HOYOS | D47: 73086632 | E47: FRESENIUS MEDICAL | F47: 37088 | G47: 37733 | H47: =DATEDIF(F47,G47,"m") -> 21 | I47: CUMPLE | K47: =SUMIFS(H47:H51,I47:I51,"CUMPLE") -> 31 | L47: SI | M47: =IF(L47="",0,IF(L47="SI",IF(K47=0,0,IF(K47<36,10,23)),0)) -> 10
E48: VIGILANCIA Y SEGURIDAD PRIVADA ANTARES LTDA | F48: 38018 | G48: 38352 | H48: =DATEDIF(F48,G48,"m") -> 10 | I48: CUMPLE
E49: VIGILANCIA SANTAFEREÑA Y CIA LTDA | F49: 38852 | G49: 39270 | H49: =DATEDIF(F49,G49,"m") -> 13
H50: =DATEDIF(F50,G50,"m") -> 0
H51: =DATEDIF(F51,G51,"m") -> 0
A52: 10 | B52: {=IF(INDIRECT("Consolidado!B"&LISTADO!Q47)="","",INDIRECT("Consolidado!B"&LISTADO!Q47))} -> Consultora Central S.A.S BIC | C52: LUIS MIGUEL PINEDA HERNÁNDEZ | D52: 79.040.453 | E52: vigilancia costa Ltda. | F52: 42156 | G52: 43343 | H52: =DATEDIF(F52,G52,"m") -> 38 | I52: CUMPLE | K52: =SUMIFS(H52:H56,I52:I56,"CUMPLE") -> 38 | L52: SI | M52: =IF(L52="",0,IF(L52="SI",IF(K52=0,0,IF(K52<36,10,23)),0)) -> 23 | N52: El proponente en el término de traslado, presentó documento aclaratorio frente a la acreditación y conteo de la experiencia, indicando que a pesar de que sea una misma certificación de experiencia, se debe contabilizar de manera separa tanto para el requisito habilitante como para el ponderable, en este sentido, el comité acepta su observación y procede con el ajuste en la evaluación definitiva
H53: =DATEDIF(F53,G53,"m") -> 0
H54: =DATEDIF(F54,G54,"m") -> 0
H55: =DATEDIF(F55,G55,"m") -> 0
H56: =DATEDIF(F56,G56,"m") -> 0
A57: 11 | B57: {=IF(INDIRECT("Consolidado!B"&LISTADO!Q52)="","",INDIRECT("Consolidado!B"&LISTADO!Q52))} -> CONSORCIO INTERVENCIÓN Y SEGURIDAD DISTRITAL | C57: JORGE ENRIQUE BOHORQUEZ CUBILLOS | D57: 79459542 | E57: COSINTE LTDA | F57: 41701 | G57: 42867 | H57: =DATEDIF(F57,G57,"m") -> 38 | I57: CUMPLE | K57: =SUMIFS(H57:H61,I57:I61,"CUMPLE") -> 38 | L57: SI | M57: =IF(L57="",0,IF(L57="SI",IF(K57=0,0,IF(K57<36,10,23)),0)) -> 23 | N57: El proponente el término de traslado de la evaluación preliminar, presentó documento aclaratorio frente al conteo de la experiencia toda vez que se trata de dos (2) certificaciones con la misma empresa, por lo tanto, desde el comité evaluador se procede con la revisión y ajuste en la evaluación definitiva.
H58: =DATEDIF(F58,G58,"m") -> 0
H59: =DATEDIF(F59,G59,"m") -> 0
H60: =DATEDIF(F60,G60,"m") -> 0
H61: =DATEDIF(F61,G61,"m") -> 0
A62: 12 | B62: {=IF(INDIRECT("Consolidado!B"&LISTADO!Q57)="","",INDIRECT("Consolidado!B"&LISTADO!Q57))} -> Strycon Energía: NIT 901.466.510-3 | C62: GULLERMO JAVIER SOLORZANO JULIO | D62: 73572189 | H62: =DATEDIF(F62,G62,"m") -> 0 | K62: =SUMIFS(H62:H66,I62:I66,"CUMPLE") -> 0 | L62: NO | M62: =IF(L62="",0,IF(L62="SI",IF(K62=0,0,IF(K62<36,10,23)),0)) -> 0 | N62: No se evidenció el formato 14 denominado EXPERIENCIA ADICIONAL DEL PERSONAL MINIMO EVALUABLE establecido en el numeral 5.1.2. EXPERIENCIA ESPECÍFICA ADICIONAL DEL DIRECTOR DE INTERVENTORÍA (23 PUNTOS) del pliego de condiciones.
H63: =DATEDIF(F63,G63,"m") -> 0
H64: =DATEDIF(F64,G64,"m") -> 0
H65: =DATEDIF(F65,G65,"m") -> 0
H66: =DATEDIF(F66,G66,"m") -> 0
A67: 13 | B67: {=IF(INDIRECT("Consolidado!B"&LISTADO!Q62)="","",INDIRECT("Consolidado!B"&LISTADO!Q62))} -> ALIANZA INTEGRAL DE PROYECTOS SAS BIC: NIT 901.506.750-7 | C67: JUAN CARLOS ACELA ZAMBRANO | D67: 79.486.204 | E67: SISTEMA INTELIGENTE DE MONITOREO SATELITAL SIMS LTDA | F67: 42412 | G67: 42734 | H67: =DATEDIF(F67,G67,"m") -> 10 | I67: CUMPLE | K67: =SUMIFS(H67:H71,I67:I71,"CUMPLE") -> 51 | L67: SI | M67: =IF(L67="",0,IF(L67="SI",IF(K67=0,0,IF(K67<36,10,23)),0)) -> 23
E68: UNIVERSAL DE SEGURIDAD LTDA | F68: 42745 | G68: 43992 | H68: =DATEDIF(F68,G68,"m") -> 41 | I68: CUMPLE
H69: =DATEDIF(F69,G69,"m") -> 0
H70: =DATEDIF(F70,G70,"m") -> 0
H71: =DATEDIF(F71,G71,"m") -> 0

Sheet 3. Exp. Adic.  Coord Operativo
A1: N°. DE PROPONENTE | B1: NOMBRE DEL PROPONENTE | C1: NOMBRE COORDINADOR OPERATIVO PROPUESTO | D1: NUMERO DE DOCUMENTO DE IDENTIDAD | E1: EMPRESA CONTRATANTE | F1: Experiencia | H1: MESES CERTIFICADOS | I1: CUMPLE / NO CUMPLE CON LA EXPERIENCIA CERTIFICADA | J1: Observaciones a certificaciones individuales | K1: Total Experiencia adicional (menor a 24 meses=10 puntos) o (mayor a 24 meses =23 puntos): | L1: EXPERIENCIA ESPECÍFICA ADICIONAL DEL COORDINADOR OPERATIVO
F2: Fecha Inicio | G2: Fecha Fin | L2: FORMATO 14 FIRMADO (SI - NO) | M2: PUNTAJE | N2: OBSERVACIÓN GENERAL
A3: 1 | B3: {=IF(INDIRECT("Consolidado!B"&LISTADO!Q2)="","",INDIRECT("Consolidado!B"&LISTADO!Q2))} -> ARES SECURITY LTDA: NIT 900.599.147-1 | C3: JULIO CESAR GONZALES RODRIGUEZ | D3: ND | H3: =DATEDIF(F3,G3,"m") -> 0 | K3: =SUMIFS(H3:H7,I3:I7,"CUMPLE") -> 0 | L3: SI | M3: =IF(L3="",0,IF(L3="SI",IF(K3=0,0,IF(K3<24,10,23)),0)) -> 0 | N3: El proponente no aportó los soportes tanto académicos como de experiencia adicional exigidos para los requisitos ponderables según el numeral 4.5.4 Exigencias mínimas de experiencia y formación académica del equipo de trabajo del pliego de Condiciones Definitivo.
H4: =DATEDIF(F4,G4,"m") -> 0
H5: =DATEDIF(F5,G5,"m") -> 0
H6: =DATEDIF(F6,G6,"m") -> 0
H7: =DATEDIF(F7,G7,"m") -> 0
A8: 2 | B8: {=IF(INDIRECT("Consolidado!B"&LISTADO!Q7)="","",INDIRECT("Consolidado!B"&LISTADO!Q7))} -> GERMAN MONTENEGRO FAJARDO AUDITORES & ASESORES S.A.S. BIC 900.335.334-8 | C8: OSCAR GERMAN BERNAL | D8: 79.275.058 | E8: LAO’S SEGURIDAD LTDA | F8: 43945 | G8: 45576 | H8: =DATEDIF(F8,G8,"m") -> 53 | I8: CUMPLE | J8: El proponente en el término de traslado, presentó documento aclaratorio frente a la acreditación y conteo de la experiencia, indicando que a pesar de que sea una misma certificación de experiencia, se debe contabilizar de manera separa tanto para el requisito habilitante como para el ponderable, en este sentido, el comité acepta su observación y procede con el ajuste en la evaluación definitiva. | K8: =SUMIFS(H8:H12,I8:I12,"CUMPLE") -> 53 | L8: SI | M8: =IF(L8="",0,IF(L8="SI",IF(K8=0,0,IF(K8<24,10,23)),0)) -> 23 | N8: El proponente en el término de traslado, presentó documento aclaratorio frente a la acreditación y conteo de la experiencia, indicando que a pesar de que sea una misma certificación de experiencia, se debe contabilizar de manera separa tanto para el requisito habilitante como para el ponderable, en este sentido, el comité acepta su observación y procede con el ajuste en la evaluación definitiva.
H9: =DATEDIF(F9,G9,"m") -> 0
H10: =DATEDIF(F10,G10,"m") -> 0
H11: =DATEDIF(F11,G11,"m") -> 0
H12: =DATEDIF(F12,G12,"m") -> 0
A13: 3 | B13: {=IF(INDIRECT("Consolidado!B"&LISTADO!Q12)="","",INDIRECT("Consolidado!B"&LISTADO!Q12))} -> JFS CONSULTORES S.A.S. -BIC 901.542.814-2 | C13: MANUEL GUILLERMO MARTINEZ VELASQUEZ | D13: 79434669 | E13: BRIGHSTAR COLOMBIA SAS | F13: 41162 | G13: 42229 | H13: =DATEDIF(F13,G13,"m") -> 35 | I13: CUMPLE | K13: =SUMIFS(H13:H17,I13:I17,"CUMPLE") -> 35 | L13: SI | M13: =IF(L13="",0,IF(L13="SI",IF(K13=0,0,IF(K13<24,10,23)),0)) -> 23
H14: =DATEDIF(F14,G14,"m") -> 0
H15: =DATEDIF(F15,G15,"m") -> 0
H16: =DATEDIF(F16,G16,"m") -> 0
H17: =DATEDIF(F17,G17,"m") -> 0
A18: 4 | B18: {=IF(INDIRECT("Consolidado!B"&LISTADO!Q17)="","",INDIRECT("Consolidado!B"&LISTADO!Q17))} -> SCAIPROYEKTA S.A.S. BIC: NIT 901.476.977-1 | C18: NESTOR ORLANDO RUBIANO MUÑOZ | D18: 11522785 | E18: SEGURIDAD ONCOR LTDA | F18: 43205 | G18: 44013 | H18: =DATEDIF(F18,G18,"m") -> 26 | I18: CUMPLE | J18: El proponente en el término de traslado, presentó documento aclaratorio frente a la acreditación y conteo de la experiencia, indicando que a pesar de que sea una misma certificación de experiencia, se debe contabilizar de manera separa tanto para el requisito habilitante como para el ponderable, en este sentido, el comité acepta su observación y procede con el ajuste en la evaluación definitiva | K18: =SUMIFS(H18:H22,I18:I22,"CUMPLE") -> 26 | L18: SI | M18: =IF(L18="",0,IF(L18="SI",IF(K18=0,0,IF(K18<24,10,23)),0)) -> 23
E19: SEGURIDAD ONCOR LTDA | F19: 41743 | G19: 44963 | H19: =DATEDIF(F19,G19,"m") -> 105 | I19: NO CUMPLE | J19: El proponente en el término de traslado de la evaluación preliminar, adjunto documento que soporta la inclusión del acta de liquidación del contrato suscrito con la empresa seguridad ONCOR LTDA, donde no se establecen las actividades desarrolladas por el coordinador de la UIC, en este sentido, acabe aclarar al proponente que las certificaciones incluidas para los criterios de ponderación no son subsanables de acuerdo con el numeral 5.1.1. nota 7 del pliego de condiciones, que al tenor establece: "Nota 7: Estas certificaciones deberán presentarse con las mismas condiciones, requisitos y criterios establecidos en. CONDICIONES DE EXPERIENCIA DEL PROPONENTE y REGLAS PARA LA VALORACIÓN DE LA EXPERIENCIA, incluida la previsión de corresponder a contratos inscritos en el RUP, hasta el tercer nivel, en alguno de los códigos UNSPSC descritos en dicho numeral. Sin embargo, por tratarse de un requisito de calificación que otorga puntaje, no operará criterio o regla alguna de subsanabilidad. por lo tanto, el comité evaluador se mantiene en no otorga puntaje. No obstante el proponente cumple con la experiencia adicional mayor a 24 meses, para un puntaje de 23.
H20: =DATEDIF(F20,G20,"m") -> 0
H21: =DATEDIF(F21,G21,"m") -> 0
H22: =DATEDIF(F22,G22,"m") -> 0
A23: 5 | B23: {=IF(INDIRECT("Consolidado!B"&LISTADO!Q22)="","",INDIRECT("Consolidado!B"&LISTADO!Q22))} -> UT GREM-NOVAC | C23: JOSE HOMERO JIMENEZ BARRERA | D23: 5787214 | E23: EMPRESA ATALAYA 1 SECURITY GROUP LTDA | F23: 41654 | G23: 44986 | H23: =DATEDIF(F23,G23,"m") -> 109 | I23: CUMPLE | J23: El Comité evaluador de conformidad con la interpretación adoptada frente al conteo de la experiencia tanto habilitante y ponderable se permite ajustar la evaluación en el sentido de tomar el tiempo requerido para el habilitante y el excedente para el ponderable por principio de igualdad en la evaluación de los proponentes. | K23: =SUMIFS(H23:H27,I23:I27,"CUMPLE") -> 109 | L23: SI | M23: =IF(L23="",0,IF(L23="SI",IF(K23=0,0,IF(K23<24,10,23)),0)) -> 23 | N23: El Comité evaluador de conformidad con la interpretación adoptada frente al conteo de la experiencia tanto habilitante y ponderable se permite ajustar la evaluación en el sentido de tomar el tiempo requerido para el habilitante y el excedente para el ponderable por principio de igualdad en la evaluación de los proponentes.
H24: =DATEDIF(F24,G24,"m") -> 0
H25: =DATEDIF(F25,G25,"m") -> 0
H26: =DATEDIF(F26,G26,"m") -> 0
H27: =DATEDIF(F27,G27,"m") -> 0
A28: 6 | B28: {=IF(INDIRECT("Consolidado!B"&LISTADO!Q27)="","",INDIRECT("Consolidado!B"&LISTADO!Q27))} -> SGA CONSULTORES S.A.S: NIT 901.549.833-4 | C28: MAURICIO EDUARDO BARRAGÁN GONZÁLES | D28: 79375504 | E28: Petrominerales Colombia LTD | F28: 39568 | H28: =IF(G28="","",DATEDIF(F28,G28,"m")) | I28: NO CUMPLE | J28: El proponente en el término de traslado, presentó documento aclaratorio (cancelación de matricula) frente a la fecha de finalización de la certificación allegada por la empresa contratante PETROMINERALES COLOMBIA LTDA, en este sentido y una vez revisado el documento por el comite evaluador se puede evidenciar que dicho documento no corresponde a una certificación por parte de la empresa contratante, sino a una manifestación por parte del proponente, por lo tanto, no podra tenerse en cuenta ya que el documento no proviene de la persona juridica habiliatada para dar este tipo de certificaciones. El proponente en el término de traslado, presentó documento aclaratorio (cancelación de matricula) para el requisito habilitante frente a la fecha de finalización de la certificación allegada por la empresa contratante PETROMINERALES COLOMBIA LTD. acabe aclarar al proponente que las certificaciones incluidas para los criterios de ponderación no son subsanables de acuerdo con el numeral 5.1.1. nota 7 del pliego de condiciones, que al tenor establece: "Nota 7: Estas certificaciones deberán presentarse con las mismas condiciones, requisitos y criterios establecidos en. CONDICIONES DE EXPERIENCIA DEL PROPONENTE y REGLAS PARA LA VALORACIÓN DE LA EXPERIENCIA, incluida la previsión de corresponder a contratos inscritos en el RUP, hasta el tercer nivel, en alguno de los códigos UNSPSC descritos en dicho numeral. Sin embargo, por tratarse de un requisito de calificación que otorga puntaje, no operará criterio o regla alguna de subsanabilidad"; por lo tanto, el comité evaluador se mantiene en no otorgar puntaje | K28: =SUMIFS(H28:H32,I28:I32,"CUMPLE") -> 0 | L28: SI | M28: =IF(L28="",0,IF(L28="SI",IF(K28=0,0,IF(K28<24,10,23)),0)) -> 0 | N28: El proponente en el término de traslado, presentó documento aclaratorio (cancelación de matricula) frente a la fecha de finalización de la certificación allegada por la empresa contratante PETROMINERALES COLOMBIA LTDA, en este sentido y una vez revisado el documento por el comite evaluador se puede evidenciar que dicho documento no corresponde a una certificación por parte de la empresa contratante, sino a una manifestación por parte del proponente, por lo tanto, no podra tenerse en cuenta ya que el documento no proviene de la persona juridica habiliatada para dar este tipo de certificaciones. El proponente en el término de traslado, presentó documento aclaratorio (cancelación de matricula) para el requisito habilitante frente a la fecha de finalización de la certificación allegada por la empresa contratante PETROMINERALES COLOMBIA LTD. acabe aclarar al proponente que las certificaciones incluidas para los criterios de ponderación no son subsanables de acuerdo con el numeral 5.1.1. nota 7 del pliego de condiciones, que al tenor establece: "Nota 7: Estas certificaciones deberán presentarse con las mismas condiciones, requisitos y criterios establecidos en. CONDICIONES DE EXPERIENCIA DEL PROPONENTE y REGLAS PARA LA VALORACIÓN DE LA EXPERIENCIA, incluida la previsión de corresponder a contratos inscritos en el RUP, hasta el tercer nivel, en alguno de los códigos UNSPSC descritos en dicho numeral. Sin embargo, por tratarse de un requisito de calificación que otorga puntaje, no operará criterio o regla alguna de subsanabilidad"; por lo tanto, el comité evaluador se mantiene en no otorgar puntaje
H29: =DATEDIF(F29,G29,"m") -> 0
H30: =DATEDIF(F30,G30,"m") -> 0
H31: =DATEDIF(F31,G31,"m") -> 0
H32: =DATEDIF(F32,G32,"m") -> 0
A33: 7 | B33: {=IF(INDIRECT("Consolidado!B"&LISTADO!Q32)="","",INDIRECT("Consolidado!B"&LISTADO!Q32))} -> SMARTY COLOMBIA SAS BIC: NIT 900249549-6 | C33: HELMAN AYMAR SAAVEDRA MORALES | D33: 79598307 | E33: LA ORGANIZACIÓN GDC | F33: 43656 | G33: 44396 | H33: =DATEDIF(F33,G33,"m") -> 24 | I33: CUMPLE | J33: El proponente en el término de traslado, presentó documento aclaratorio frente al conteo de la experiencia adicional, la cual es independiente de la experiencia habilitante. | K33: =SUMIFS(H33:H37,I33:I37,"CUMPLE") -> 24 | L33: SI | M33: =IF(L33="",0,IF(L33="SI",IF(K33=0,0,IF(K33<24,10,23)),0)) -> 23 | N33: El proponente en el término de traslado, presentó documento aclaratorio frente al conteo de la experiencia adicional, la cual es independiente de la experiencia habilitante.
H34: =DATEDIF(F34,G34,"m") -> 0
H35: =DATEDIF(F35,G35,"m") -> 0
H36: =DATEDIF(F36,G36,"m") -> 0
H37: =DATEDIF(F37,G37,"m") -> 0
A38: 8 | B38: {=IF(INDIRECT("Consolidado!B"&LISTADO!Q37)="","",INDIRECT("Consolidado!B"&LISTADO!Q37))} -> CONSORCIO TOOL | C38: JOHN JAIRO MONTEALEGRE BRI—EZ | D38: 79.749.157 | E38: MISION SECURITY SEGURIDAD | F38: 40801 | G38: 45187 | H38: =DATEDIF(F38,G38,"m") -> 144 | I38: CUMPLE | K38: =SUMIFS(H38:H42,I38:I42,"CUMPLE") -> 144 | L38: SI | M38: =IF(L38="",0,IF(L38="SI",IF(K38=0,0,IF(K38<24,10,23)),0)) -> 23
H39: =DATEDIF(F39,G39,"m") -> 0
H40: =DATEDIF(F40,G40,"m") -> 0
H41: =DATEDIF(F41,G41,"m") -> 0
H42: =DATEDIF(F42,G42,"m") -> 0
A43: 9 | B43: {=IF(INDIRECT("Consolidado!B"&LISTADO!Q42)="","",INDIRECT("Consolidado!B"&LISTADO!Q42))} -> CONSORCIO INTERVENTORÍA DE VIGILANCIA 2024 | C43: IVAN DARIO QUIROGA BELTRAN | D43: 79966569 | E43: BRINKS | F43: 40681 | G43: 42902 | H43: =DATEDIF(F43,G43,"m") -> 72 | I43: NO CUMPLE | J43: El proponente no adjunto certificación adicional diferente a la experiencia habilitantes de acuerdo con el numeral 5.1.3 del pliego de condiciones que al tenor establece "La experiencia específica de los profesionales a puntuar debe ser adicional y diferente a la mínima habilitante requerida en el presente concurso de méritos." | K43: =SUMIFS(H43:H47,I43:I47,"CUMPLE") -> 0 | L43: SI | M43: =IF(L43="",0,IF(L43="SI",IF(K43=0,0,IF(K43<24,10,23)),0)) -> 0
E44: SEGURIDAD ONCOR LTDA | F44: 39276 | G44: 40231 | H44: =DATEDIF(F44,G44,"m") -> 31 | I44: NO CUMPLE | J44: El proponente no adjunto certificación adicional diferente a la experiencia habilitantes de acuerdo con el numeral 5.1.3 del pliego de condiciones que al tenor establece "La experiencia específica de los profesionales a puntuar debe ser adicional y diferente a la mínima habilitante requerida en el presente concurso de méritos."
H45: =DATEDIF(F45,G45,"m") -> 0
H46: =DATEDIF(F46,G46,"m") -> 0
H47: =DATEDIF(F47,G47,"m") -> 0
A48: 10 | B48: {=IF(INDIRECT("Consolidado!B"&LISTADO!Q47)="","",INDIRECT("Consolidado!B"&LISTADO!Q47))} -> Consultora Central S.A.S BIC | C48: LUIS EDUARDO LEÓN LÓPEZ | D48: 70373312 | E48: ANTARES LTDA | F48: 38930 | G48: 39721 | H48: =DATEDIF(F48,G48,"m") -> 25 | I48: CUMPLE | K48: =SUMIFS(H48:H52,I48:I52,"CUMPLE") -> 37 | L48: SI | M48: =IF(L48="",0,IF(L48="SI",IF(K48=0,0,IF(K48<24,10,23)),0)) -> 23 | N48: El proponente en el término de traslado, presentó documento aclaratorio frente a la acreditación y conteo de la experiencia, indicando que a pesar de que sea una misma certificación de experiencia, se debe contabilizar de manera separa tanto para el requisito habilitante como para el ponderable, en este sentido, el comité acepta su observación y procede con el ajuste en la evaluación definitiva
E49: CONSORCIO INTERSERVIG | F49: 44029 | G49: 44407 | H49: =DATEDIF(F49,G49,"m") -> 12 | I49: CUMPLE
H50: =DATEDIF(F50,G50,"m") -> 0
H51: =DATEDIF(F51,G51,"m") -> 0
H52: =DATEDIF(F52,G52,"m") -> 0
A53: 11 | B53: {=IF(INDIRECT("Consolidado!B"&LISTADO!Q52)="","",INDIRECT("Consolidado!B"&LISTADO!Q52))} -> CONSORCIO INTERVENCIÓN Y SEGURIDAD DISTRITAL | C53: JORGE ENRIQUE BOHORQUEZ CUBILLOS | D53: 79459542 | E53: VIGILANCIA ACOSTA LTDA | F53: 42393 | G53: 43200 | H53: =DATEDIF(F53,G53,"m") -> 26 | I53: CUMPLE | K53: =SUMIFS(H53:H57,I53:I57,"CUMPLE") -> 26 | L53: SI | M53: =IF(L53="",0,IF(L53="SI",IF(K53=0,0,IF(K53<24,10,23)),0)) -> 23 | N53: El proponente el término de traslado de la evaluación preliminar, presentó documento aclaratorio frente al conteo de la experiencia por lo tanto, desde el comité evaluador se procede con la revisión y ajuste en la evaluación definitiva.
H54: =DATEDIF(F54,G54,"m") -> 0
H55: =DATEDIF(F55,G55,"m") -> 0
H56: =DATEDIF(F56,G56,"m") -> 0
H57: =DATEDIF(F57,G57,"m") -> 0
A58: 12 | B58: {=IF(INDIRECT("Consolidado!B"&LISTADO!Q57)="","",INDIRECT("Consolidado!B"&LISTADO!Q57))} -> Strycon Energía: NIT 901.466.510-3 | C58: GIOVANNI WILSON SANDOVAL DÍAZ | D58: 79638686 | E58: ISVI LTDA | F58: 37377 | G58: 37852 | H58: =DATEDIF(F58,G58,"m") -> 15 | I58: NO CUMPLE | J58: La certificación allegada no cumple con la experiencia profesional requerida para el coordinador operativo, toda vez que no cumple con las actividades establecidas en el anexo técnico: 1. Administración de proyectos relacionados con temas de seguridad y vigilancia. 2. Coordinación de proyectos; relacionados con temas de seguridad y vigilancia. 3. Coordinación operativa en empresas dedicadas a la prestación de los servicios de vigilancia y seguridad privada. | K58: =SUMIFS(H58:H62,I58:I62,"CUMPLE") -> 32 | L58: NO | M58: =IF(L58="",0,IF(L58="SI",IF(K58=0,0,IF(K58<24,10,23)),0)) -> 0 | N58: No se evidenció el formato 14 denominado EXPERIENCIA ADICIONAL DEL PERSONAL MINIMO EVALUABLE establecido en el numeral 5.1.3. EXPERIENCIA ESPECÍFICA ADICIONAL DEL COORDINADOR OPERATIVO (23 PUNTOS) del pliego de condiciones.
E59: ISVI LTDA | F59: 37882 | G59: 38383 | H59: =DATEDIF(F59,G59,"m") -> 16 | I59: CUMPLE
E60: ISVI LTDA | F60: 38384 | G60: 38427 | H60: =DATEDIF(F60,G60,"m") -> 1 | I60: CUMPLE
E61: ISVI LTDA | F61: 40467 | G61: 40939 | H61: =DATEDIF(F61,G61,"m") -> 15 | I61: CUMPLE
H62: =DATEDIF(F62,G62,"m") -> 0
A63: 13 | B63: {=IF(INDIRECT("Consolidado!B"&LISTADO!Q62)="","",INDIRECT("Consolidado!B"&LISTADO!Q62))} -> ALIANZA INTEGRAL DE PROYECTOS SAS BIC: NIT 901.506.750-7 | C63: FLOREZ CARDENAS CARLOS ALBERTO | D63: 75.034.952 | E63: SERVIENTREGA | F63: 42940 | G63: 43565 | H63: =DATEDIF(F63,G63,"m") -> 20 | I63: CUMPLE | K63: =SUMIFS(H63:H67,I63:I67,"CUMPLE") -> 32 | L63: SI | M63: =IF(L63="",0,IF(L63="SI",IF(K63=0,0,IF(K63<24,10,23)),0)) -> 23
E64: UNIVERSAL DE SEGURIDAD LTDA | F64: 44005 | G64: 44380 | H64: =DATEDIF(F64,G64,"m") -> 12 | I64: CUMPLE
H65: =DATEDIF(F65,G65,"m") -> 0
H66: =DATEDIF(F66,G66,"m") -> 0
H67: =DATEDIF(F67,G67,"m") -> 0

Sheet 4 Apoyo Industri Nacional
D1: Promoción de Servicios Nacionales o con Trato Nacional | E1: 20
D2: Incorporación de componente nacional en servicios extranjeros | E2: 10
D3: No Presenta | E3: 0
A4: ANEXO APOYO A LA INDUSTRIA NACIONAL | B4: PUNTAJE APOYO A LA INDUSTRIA NACIONAL
A7: N°. DE PROPONENTE | B7: NOMBRE DEL PROPONENTE | C7: APOYO A LA INDUSTRIA NACIONAL – CALIFICACIÓN DE ORIGEN DE LOS SERVICIOS DE ACUERDO CON LA LEY 816 DE 2003 Y DECRETO 680 DE 2021 (20 PUNTOS)
C8: ANEXO APOYO A LA INDUSTRIA NACIONAL | D8: FORMATO 15 A /15 B FIRMADO (SI - NO) | E8: PUNTAJE APOYO A LA INDUSTRIA NACIONAL | F8: OBSERVACIÓN GENERAL
A9: 1 | B9: ='[1]Habilitante Económico'!B3 -> ARES SECURITY LTDA: NIT 900.599.147-1 | C9: Promoción de Servicios Nacionales o con Trato Nacional | D9: SI | E9: =IF(C9="","",IF(D9="SI",((IF(AND(C9=$D$1),$E$1,IF(AND(C9=$D$2),$E$2,IF(C9=$D$3,$E$3,0))))),"0")) -> 20
A10: 2 | B10: ='[1]Habilitante Económico'!B4 -> GERMAN MONTENEGRO FAJARDO AUDITORES & ASESORES S.A.S. BIC 900.335.334-8 | C10: Promoción de Servicios Nacionales o con Trato Nacional | D10: SI | E10: =IF(C10="","",IF(D10="SI",((IF(AND(C10=$D$1),$E$1,IF(AND(C10=$D$2),$E$2,IF(C10=$D$3,$E$3,0))))),"0")) -> 20
A11: 3 | B11: ='[1]Habilitante Económico'!B5 -> JFS CONSULTORES S.A.S. -BIC 901.542.814-2 | C11: Promoción de Servicios Nacionales o con Trato Nacional | D11: SI | E11: =IF(C11="","",IF(D11="SI",((IF(AND(C11=$D$1),$E$1,IF(AND(C11=$D$2),$E$2,IF(C11=$D$3,$E$3,0))))),"0")) -> 20
A12: 4 | B12: ='[1]Habilitante Económico'!B6 -> SCAIPROYEKTA S.A.S. BIC: NIT 901.476.977-1 | C12: Promoción de Servicios Nacionales o con Trato Nacional | D12: SI | E12: =IF(C12="","",IF(D12="SI",((IF(AND(C12=$D$1),$E$1,IF(AND(C12=$D$2),$E$2,IF(C12=$D$3,$E$3,0))))),"0")) -> 20
A13: 5 | B13: ='[1]Habilitante Económico'!B7 -> UT GREM-NOVAC | C13: Promoción de Servicios Nacionales o con Trato Nacional | D13: SI | E13: =IF(C13="","",IF(D13="SI",((IF(AND(C13=$D$1),$E$1,IF(AND(C13=$D$2),$E$2,IF(C13=$D$3,$E$3,0))))),"0")) -> 20
A14: 6 | B14: ='[1]Habilitante Económico'!B8 -> SGA CONSULTORES S.A.S: NIT 901.549.833-4 | C14: Promoción de Servicios Nacionales o con Trato Nacional | D14: SI | E14: =IF(C14="","",IF(D14="SI",((IF(AND(C14=$D$1),$E$1,IF(AND(C14=$D$2),$E$2,IF(C14=$D$3,$E$3,0))))),"0")) -> 20
A15: 7 | B15: ='[1]Habilitante Económico'!B9 -> SMARTY COLOMBIA SAS BIC: NIT 900249549-6 | C15: Promoción de Servicios Nacionales o con Trato Nacional | D15: SI | E15: =IF(C15="","",IF(D15="SI",((IF(AND(C15=$D$1),$E$1,IF(AND(C15=$D$2),$E$2,IF(C15=$D$3,$E$3,0))))),"0")) -> 20
A16: 8 | B16: ='[1]Habilitante Económico'!B10 -> CONSORCIO TOOL | C16: Promoción de Servicios Nacionales o con Trato Nacional | D16: SI | E16: =IF(C16="","",IF(D16="SI",((IF(AND(C16=$D$1),$E$1,IF(AND(C16=$D$2),$E$2,IF(C16=$D$3,$E$3,0))))),"0")) -> 20
A17: 9 | B17: ='[1]Habilitante Económico'!B11 -> CONSORCIO INTERVENTORÍA DE VIGILANCIA 2024 | C17: Promoción de Servicios Nacionales o con Trato Nacional | D17: SI | E17: =IF(C17="","",IF(D17="SI",((IF(AND(C17=$D$1),$E$1,IF(AND(C17=$D$2),$E$2,IF(C17=$D$3,$E$3,0))))),"0")) -> 20
A18: 10 | B18: ='[1]Habilitante Económico'!B12 -> Consultora Central S.A.S BIC | C18: Promoción de Servicios Nacionales o con Trato Nacional | D18: SI | E18: =IF(C18="","",IF(D18="SI",((IF(AND(C18=$D$1),$E$1,IF(AND(C18=$D$2),$E$2,IF(C18=$D$3,$E$3,0))))),"0")) -> 20
A19: 11 | B19: ='[1]Habilitante Económico'!B13 -> CONSORCIO INTERVENCIÓN Y SEGURIDAD DISTRITAL | C19: Promoción de Servicios Nacionales o con Trato Nacional | D19: SI | E19: =IF(C19="","",IF(D19="SI",((IF(AND(C19=$D$1),$E$1,IF(AND(C19=$D$2),$E$2,IF(C19=$D$3,$E$3,0))))),"0")) -> 20
A20: 12 | B20: ='[1]Habilitante Económico'!B14 -> Strycon Energía: NIT 901.466.510-3 | C20: Promoción de Servicios Nacionales o con Trato Nacional | D20: SI | E20: =IF(C20="","",IF(D20="SI",((IF(AND(C20=$D$1),$E$1,IF(AND(C20=$D$2),$E$2,IF(C20=$D$3,$E$3,0))))),"0")) -> 20
A21: 13 | B21: ='[1]Habilitante Económico'!B15 -> ALIANZA INTEGRAL DE PROYECTOS SAS BIC: NIT 901.506.750-7 | C21: Promoción de Servicios Nacionales o con Trato Nacional | D21: SI | E21: =IF(C21="","",IF(D21="SI",((IF(AND(C21=$D$1),$E$1,IF(AND(C21=$D$2),$E$2,IF(C21=$D$3,$E$3,0))))),"0")) -> 20

Sheet 5. Personal Discapacidad
D1: SI
D2: NO
A3: ANEXO APOYO A LA INDUSTRIA NACIONAL | B3: PUNTAJE APOYO A LA INDUSTRIA NACIONAL
A6: N°. DE PROPONENTE | B6: NOMBRE DEL PROPONENTE | C6: 5.1.7 PUNTAJE POR TRABAJADORES CON DISCAPACIDAD (1 PUNTO)
C7: EMPRESA QUE APORTA LA CERTIFICACIÒN (IGUAL O MAYOR AL 40% DE PARTICIPACIÓN | D7: CANTIDAD DE TRABAJADORES EN DISCAPACIDAD EXIGIDO | E7: FORMATO 16 REPRESENTANTE LEGAL O REVISOR FISCAL (SEGÚN CORRESPONDA) | F7: ¿APORTA CERTIFICADO DEL MINTRABAJO VIGENTE? | G7: FIRMADO POR EL COMPETENTE (REVISOR FISCAL Y/O REPRESENTANTE LEGAL SEGUN APLIQUE) | H7: OBSERVACIÓN | I7: PUNTAJE TRABAJADORES CON DISCAPACIDAD
A8: 1 | B8: ='6. E.E de Mujeres'!B9 -> ARES SECURITY LTDA: NIT 900.599.147-1 | C8: NA | D8: NO | E8: NO ANEXA | F8: NO ANEXA | G8: NO | H8: No aportó | I8: =IF(C8<>"",IF(AND(D8="SI",E8="SI",F8="SI",G8="SI"),1,0),"") -> 0
A9: 2 | B9: ='6. E.E de Mujeres'!B10 -> GERMAN MONTENEGRO FAJARDO AUDITORES & ASESORES S.A.S. BIC 900.335.334-8 | C9: =B9 -> GERMAN MONTENEGRO FAJARDO AUDITORES & ASESORES S.A.S. BIC 900.335.334-8 | D9: SI | E9: SI | F9: SI | G9: SI | I9: =IF(C9<>"",IF(AND(D9="SI",E9="SI",F9="SI",G9="SI"),1,0),"") -> 1
A10: 3 | B10: ='6. E.E de Mujeres'!B11 -> JFS CONSULTORES S.A.S. -BIC 901.542.814-2 | C10: =B10 -> JFS CONSULTORES S.A.S. -BIC 901.542.814-2 | D10: SI | E10: SI | F10: SI | G10: SI | I10: =IF(C10<>"",IF(AND(D10="SI",E10="SI",F10="SI",G10="SI"),1,0),"") -> 1
A11: 4 | B11: ='6. E.E de Mujeres'!B12 -> SCAIPROYEKTA S.A.S. BIC: NIT 901.476.977-1 | C11: =B11 -> SCAIPROYEKTA S.A.S. BIC: NIT 901.476.977-1 | D11: SI | E11: SI | F11: SI | G11: SI | I11: =IF(C11<>"",IF(AND(D11="SI",E11="SI",F11="SI",G11="SI"),1,0),"") -> 1
A12: 5 | B12: ='6. E.E de Mujeres'!B13 -> UT GREM-NOVAC | C12: INTERNOVAC GROUP SAS BIC NIT 901.719.021-0 | D12: SI | E12: SI | F12: SI | G12: SI | I12: =IF(C12<>"",IF(AND(D12="SI",E12="SI",F12="SI",G12="SI"),1,0),"") -> 1
A13: 6 | B13: ='6. E.E de Mujeres'!B14 -> SGA CONSULTORES S.A.S: NIT 901.549.833-4 | C13: =B13 -> SGA CONSULTORES S.A.S: NIT 901.549.833-4 | D13: SI | E13: SI | F13: SI | G13: SI | I13: =IF(C13<>"",IF(AND(D13="SI",E13="SI",F13="SI",G13="SI"),1,0),"") -> 1
A14: 7 | B14: ='6. E.E de Mujeres'!B15 -> SMARTY COLOMBIA SAS BIC: NIT 900249549-6 | C14: SMARTY COLOMBIA SAS BIC: NIT 900249549-6 | D14: SI | E14: SI | F14: SI | G14: SI | I14: =IF(C14<>"",IF(AND(D14="SI",E14="SI",F14="SI",G14="SI"),1,0),"") -> 1
A15: 8 | B15: ='6. E.E de Mujeres'!B16 -> CONSORCIO TOOL | C15: =B15 -> CONSORCIO TOOL | D15: SI | E15: SI | F15: SI | G15: SI | I15: =IF(C15<>"",IF(AND(D15="SI",E15="SI",F15="SI",G15="SI"),1,0),"") -> 1
A16: 9 | B16: ='6. E.E de Mujeres'!B17 -> CONSORCIO INTERVENTORÍA DE VIGILANCIA 2024 | C16: ITECO CONSULTORES SAS BIC | D16: SI | E16: SI | F16: SI | G16: SI | I16: =IF(C16<>"",IF(AND(D16="SI",E16="SI",F16="SI",G16="SI"),1,0),"") -> 1
A17: 10 | B17: ='6. E.E de Mujeres'!B18 -> Consultora Central S.A.S BIC | C17: =B17 -> Consultora Central S.A.S BIC | D17: SI | E17: SI | F17: SI | G17: SI | I17: =IF(C17<>"",IF(AND(D17="SI",E17="SI",F17="SI",G17="SI"),1,0),"") -> 1
A18: 11 | B18: ='6. E.E de Mujeres'!B19 -> CONSORCIO INTERVENCIÓN Y SEGURIDAD DISTRITAL | C18: INGEPLAN.CO | D18: SI | E18: SI | F18: SI | G18: SI | I18: =IF(C18<>"",IF(AND(D18="SI",E18="SI",F18="SI",G18="SI"),1,0),"") -> 1
A19: 12 | B19: ='6. E.E de Mujeres'!B20 -> Strycon Energía: NIT 901.466.510-3 | C19: =B19 -> Strycon Energía: NIT 901.466.510-3 | D19: SI | E19: SI | F19: SI | G19: SI | I19: =IF(C19<>"",IF(AND(D19="SI",E19="SI",F19="SI",G19="SI"),1,0),"") -> 1
A20: 13 | B20: ='6. E.E de Mujeres'!B21 -> ALIANZA INTEGRAL DE PROYECTOS SAS BIC: NIT 901.506.750-7 | C20: ALIANZA INTEGRAL DE PROYECTOS SAS BIC | D20: SI | E20: SI | F20: SI | G20: SI | I20: =IF(C20<>"",IF(AND(D20="SI",E20="SI",F20="SI",G20="SI"),1,0),"") -> 1

Sheet 6. E.E de Mujeres
D1: SI | E1: CUMPLE | H1: FORMATO 16 A
D2: NO | E2: NO CUMPLE | H2: FORMATO 16 B
A3: ANEXO APOYO A LA INDUSTRIA NACIONAL | B3: PUNTAJE APOYO A LA INDUSTRIA NACIONAL | H3: FORMATO 16 C
H4: NO ANEXA
A6: N°. DE PROPONENTE | B6: NOMBRE DEL PROPONENTE | C6: PUNTAJE POR PARTICIPACIÓN EMPRENDIMIENTOS Y EMPRESAS DE MUJERES (0,25 PUNTOS).
C7: EMPRESA QUE APORTA LA CERTIFICACIÒN (IGUAL O MAYOR AL 10% DE PARTICIPACIÓN | D7: FORMATO No. 16 A - PARTICIPACIÓN DE EMPRENDIMIENTO Y EMPRESAS DE MUJERES | E7: OPCIÓN 1 ACCIONISTAS MAS DEL 50% DE ACCIONES | F7: OPCIÓN 2 NIVELES DIRECTIVO POR LO MENOS EL 50% DE EMPLEOS DE NIVEL DIRECTIVOS | G7: CUMPLE/ NO CUMPLE | H7: FIRMADO POR EL COMPETENTE (REVISOR FISCAL Y/O REPRESENTANTE LEGAL SEGUN APLIQUE) | I7: OBSERVACIÓN | J7: PUNTAJE
E8: SI/NO | F8: SI/NO
A9: 1 | B9: ='7. Calidad de Mipyme'!B8 -> ARES SECURITY LTDA: NIT 900.599.147-1 | C9: NA | D9: NO ANEXA | G9: NO CUMPLE | I9: No aportó | J9: =IF(G9="","",IF(G9="CUMPLE",IF(H9="SI",0.25,0),0)) -> 0
A10: 2 | B10: ='7. Calidad de Mipyme'!B9 -> GERMAN MONTENEGRO FAJARDO AUDITORES & ASESORES S.A.S. BIC 900.335.334-8 | C10: =B10 -> GERMAN MONTENEGRO FAJARDO AUDITORES & ASESORES S.A.S. BIC 900.335.334-8 | D10: FORMATO 16 A | E10: NO | F10: SI | G10: CUMPLE | H10: SI | J10: =IF(G10="","",IF(G10="CUMPLE",IF(H10="SI",0.25,0),0)) -> 0.25
A11: 3 | B11: ='7. Calidad de Mipyme'!B10 -> JFS CONSULTORES S.A.S. -BIC 901.542.814-2 | C11: =B11 -> JFS CONSULTORES S.A.S. -BIC 901.542.814-2 | D11: FORMATO 16 A | E11: SI | G11: CUMPLE | H11: SI | J11: =IF(G11="","",IF(G11="CUMPLE",IF(H11="SI",0.25,0),0)) -> 0.25
A12: 4 | B12: ='7. Calidad de Mipyme'!B11 -> SCAIPROYEKTA S.A.S. BIC: NIT 901.476.977-1 | C12: =B12 -> SCAIPROYEKTA S.A.S. BIC: NIT 901.476.977-1 | D12: FORMATO 16 A | E12: SI | G12: CUMPLE | H12: SI | J12: =IF(G12="","",IF(G12="CUMPLE",IF(H12="SI",0.25,0),0)) -> 0.25
A13: 5 | B13: ='7. Calidad de Mipyme'!B12 -> UT GREM-NOVAC | C13: INTERNOVAC GROUP S.A.S – BIC | D13: FORMATO 16 A | E13: SI | G13: CUMPLE | H13: SI | J13: =IF(G13="","",IF(G13="CUMPLE",IF(H13="SI",0.25,0),0)) -> 0.25
A14: 6 | B14: ='7. Calidad de Mipyme'!B13 -> SGA CONSULTORES S.A.S: NIT 901.549.833-4 | C14: =B14 -> SGA CONSULTORES S.A.S: NIT 901.549.833-4 | D14: FORMATO 16 A | E14: SI | G14: CUMPLE | H14: SI | J14: =IF(G14="","",IF(G14="CUMPLE",IF(H14="SI",0.25,0),0)) -> 0.25
A15: 7 | B15: ='7. Calidad de Mipyme'!B14 -> SMARTY COLOMBIA SAS BIC: NIT 900249549-6 | C15: SMARTY COLOMBIA SAS BIC: NIT 900249549-6 | D15: FORMATO 16 A | E15: SI | G15: CUMPLE | H15: SI | J15: =IF(G15="","",IF(G15="CUMPLE",IF(H15="SI",0.25,0),0)) -> 0.25
A16: 8 | B16: ='7. Calidad de Mipyme'!B15 -> CONSORCIO TOOL | C16: =B16 -> CONSORCIO TOOL | D16: FORMATO 16 A | E16: SI | G16: CUMPLE | H16: SI | J16: =IF(G16="","",IF(G16="CUMPLE",IF(H16="SI",0.25,0),0)) -> 0.25
A17: 9 | B17: ='7. Calidad de Mipyme'!B16 -> CONSORCIO INTERVENTORÍA DE VIGILANCIA 2024 | C17: ITECO CONSULTORES SAS BIC | D17: FORMATO 16 A | E17: SI | G17: CUMPLE | H17: SI | J17: =IF(G17="","",IF(G17="CUMPLE",IF(H17="SI",0.25,0),0)) -> 0.25
A18: 10 | B18: ='7. Calidad de Mipyme'!B17 -> Consultora Central S.A.S BIC | C18: =B18 -> Consultora Central S.A.S BIC | D18: FORMATO 16 A | E18: SI | G18: CUMPLE | H18: SI | J18: =IF(G18="","",IF(G18="CUMPLE",IF(H18="SI",0.25,0),0)) -> 0.25
A19: 11 | B19: ='7. Calidad de Mipyme'!B18 -> CONSORCIO INTERVENCIÓN Y SEGURIDAD DISTRITAL | C19: INGEPLAN.CO S.A.S BIC | D19: FORMATO 16 A | E19: SI | F19: NO | G19: CUMPLE | H19: SI | J19: =IF(G19="","",IF(G19="CUMPLE",IF(H19="SI",0.25,0),0)) -> 0.25
A20: 12 | B20: ='7. Calidad de Mipyme'!B19 -> Strycon Energía: NIT 901.466.510-3 | C20: =B20 -> Strycon Energía: NIT 901.466.510-3 | D20: FORMATO 16 A | E20: SI | G20: CUMPLE | H20: SI | J20: =IF(G20="","",IF(G20="CUMPLE",IF(H20="SI",0.25,0),0)) -> 0.25
A21: 13 | B21: ='7. Calidad de Mipyme'!B20 -> ALIANZA INTEGRAL DE PROYECTOS SAS BIC: NIT 901.506.750-7 | C21: ALIANZA INTEGRAL DE PROYECTOS SAS BIC | D21: FORMATO 16 A | E21: SI | G21: CUMPLE | H21: SI | J21: =IF(G21="","",IF(G21="CUMPLE",IF(H21="SI",0.25,0),0)) -> 0.25

Sheet 7. Calidad de Mipyme
C1: FORMATO 17 A | D1: SI
C2: FORMATO 17 B | D2: NO
A3: ANEXO APOYO A LA INDUSTRIA NACIONAL | B3: PUNTAJE APOYO A LA INDUSTRIA NACIONAL | C3: NO ANEXA
A6: N°. DE PROPONENTE | B6: NOMBRE DEL PROPONENTE | C6: CALIDAD DE MIPYME (0,25 PUNTOS)
C7: EMPRESA QUE APORTA LA CERTIFICACIÒN (IGUAL O MAYOR AL 10% DE PARTICIPACIÓN) | D7: FORMATO No. 17, A o B PARTICIPACIÓN DE LA MIPYME | E7: FIRMADO POR EL COMPETENTE (REVISOR FISCAL Y/O REPRESENTANTE LEGAL SEGUN APLIQUE) | F7: OBSERVACIÓN | G7: PUNTAJE
A8: 1 | B8: =Consolidado!B4 -> ARES SECURITY LTDA: NIT 900.599.147-1 | C8: NA | D8: NO ANEXA | E8: NO | F8: No oportó formato No. 17 diligenciado ni firmado | G8: =IF(C8="","",IF(COUNTIF(D8,"FORMATO 17 A")+COUNTIF(D8,"FORMATO 17 B")+COUNTIF(E8,"SI")=2,0.25,0)) -> 0
A9: 2 | B9: =Consolidado!B5 -> GERMAN MONTENEGRO FAJARDO AUDITORES & ASESORES S.A.S. BIC 900.335.334-8 | C9: =B9 -> GERMAN MONTENEGRO FAJARDO AUDITORES & ASESORES S.A.S. BIC 900.335.334-8 | D9: FORMATO 17 A | E9: SI | G9: =IF(C9="","",IF(COUNTIF(D9,"FORMATO 17 A")+COUNTIF(D9,"FORMATO 17 B")+COUNTIF(E9,"SI")=2,0.25,0)) -> 0.25
A10: 3 | B10: =Consolidado!B6 -> JFS CONSULTORES S.A.S. -BIC 901.542.814-2 | C10: =B10 -> JFS CONSULTORES S.A.S. -BIC 901.542.814-2 | D10: FORMATO 17 A | E10: SI | G10: =IF(C10="","",IF(COUNTIF(D10,"FORMATO 17 A")+COUNTIF(D10,"FORMATO 17 B")+COUNTIF(E10,"SI")=2,0.25,0)) -> 0.25
A11: 4 | B11: =Consolidado!B7 -> SCAIPROYEKTA S.A.S. BIC: NIT 901.476.977-1 | C11: =B11 -> SCAIPROYEKTA S.A.S. BIC: NIT 901.476.977-1 | D11: FORMATO 17 A | E11: SI | G11: =IF(C11="","",IF(COUNTIF(D11,"FORMATO 17 A")+COUNTIF(D11,"FORMATO 17 B")+COUNTIF(E11,"SI")=2,0.25,0)) -> 0.25
A12: 5 | B12: =Consolidado!B8 -> UT GREM-NOVAC | C12: =B12 -> UT GREM-NOVAC | D12: FORMATO 17 A | E12: SI | G12: =IF(C12="","",IF(COUNTIF(D12,"FORMATO 17 A")+COUNTIF(D12,"FORMATO 17 B")+COUNTIF(E12,"SI")=2,0.25,0)) -> 0.25
A13: 6 | B13: =Consolidado!B9 -> SGA CONSULTORES S.A.S: NIT 901.549.833-4 | C13: =B13 -> SGA CONSULTORES S.A.S: NIT 901.549.833-4 | D13: FORMATO 17 A | E13: SI | G13: =IF(C13="","",IF(COUNTIF(D13,"FORMATO 17 A")+COUNTIF(D13,"FORMATO 17 B")+COUNTIF(E13,"SI")=2,0.25,0)) -> 0.25
A14: 7 | B14: =Consolidado!B10 -> SMARTY COLOMBIA SAS BIC: NIT 900249549-6 | C14: SMARTY COLOMBIA SAS BIC: NIT 900249549-6 | D14: FORMATO 17 A | E14: SI | G14: =IF(C14="","",IF(COUNTIF(D14,"FORMATO 17 A")+COUNTIF(D14,"FORMATO 17 B")+COUNTIF(E14,"SI")=2,0.25,0)) -> 0.25
A15: 8 | B15: =Consolidado!B11 -> CONSORCIO TOOL | C15: TOOL S.S. S.A.S. | D15: FORMATO 17 A | E15: SI | G15: =IF(C15="","",IF(COUNTIF(D15,"FORMATO 17 A")+COUNTIF(D15,"FORMATO 17 B")+COUNTIF(E15,"SI")=2,0.25,0)) -> 0.25
A16: 9 | B16: =Consolidado!B12 -> CONSORCIO INTERVENTORÍA DE VIGILANCIA 2024 | C16: STRATUSS SAS NIT 901.417.647 | D16: FORMATO 17 A | E16: SI | G16: =IF(C16="","",IF(COUNTIF(D16,"FORMATO 17 A")+COUNTIF(D16,"FORMATO 17 B")+COUNTIF(E16,"SI")=2,0.25,0)) -> 0.25
A17: 10 | B17: =Consolidado!B13 -> Consultora Central S.A.S BIC | C17: =B17 -> Consultora Central S.A.S BIC | D17: FORMATO 17 A | E17: SI | G17: =IF(C17="","",IF(COUNTIF(D17,"FORMATO 17 A")+COUNTIF(D17,"FORMATO 17 B")+COUNTIF(E17,"SI")=2,0.25,0)) -> 0.25
A18: 11 | B18: =Consolidado!B14 -> CONSORCIO INTERVENCIÓN Y SEGURIDAD DISTRITAL | C18: WLG GROUP .CONSULTORES LTDA | D18: FORMATO 17 A | E18: SI | G18: =IF(C18="","",IF(COUNTIF(D18,"FORMATO 17 A")+COUNTIF(D18,"FORMATO 17 B")+COUNTIF(E18,"SI")=2,0.25,0)) -> 0.25
A19: 12 | B19: =Consolidado!B15 -> Strycon Energía: NIT 901.466.510-3 | C19: =B19 -> Strycon Energía: NIT 901.466.510-3 | D19: FORMATO 17 A | E19: SI | G19: =IF(C19="","",IF(COUNTIF(D19,"FORMATO 17 A")+COUNTIF(D19,"FORMATO 17 B")+COUNTIF(E19,"SI")=2,0.25,0)) -> 0.25
A20: 13 | B20: =Consolidado!B16 -> ALIANZA INTEGRAL DE PROYECTOS SAS BIC: NIT 901.506.750-7 | C20: ALIANZA INTEGRAL DE PROYECTOS SAS BIC | D20: FORMATO 17 A | E20: SI | G20: =IF(C20="","",IF(COUNTIF(D20,"FORMATO 17 A")+COUNTIF(D20,"FORMATO 17 B")+COUNTIF(E20,"SI")=2,0.25,0)) -> 0.25

Sheet Consolidado
K1: NO
A3: No. PROPONENTE | B3: NOMBRE DEL PROPONENTE | C3: COMPONENTE TÉCNICO | D3: COMPONENTE ECONÓMICO | E3: COMPONENTE JURÍDICO | F3: COMPONENTE FINACIERO | G3: HABILITADO GENERAL | H3: 1. EXPERIENCIA ESPECIFICA ADICIONAL DEL PROPONENTE | I3: 2. EXPERIENCIA ESPECIFICA ADICIONAL DEL DIRECTOR DE INTERVENTORIA | J3: 3. EXPERIENCIA ESPECIFICA ADICIONAL DEL COORDINADOR OPERATIVO | K3: 4 PUNTAJE APOYO A LA INDUSTRIA NACIONAL | L3: 6. PUNTAJE PERSONAL EN DISCAPACIDAD | M3: 7. PUNTAJE POR PARTICIPACIÓN EMPRENDIMIENTOS Y EMPRESAS DE MUJERES | N3: 8. CALIDAD DE MIPYME | O3: TOTAL PUNTOS
A4: 1 | B4: ='[1]Habilitante Económico'!B3 -> ARES SECURITY LTDA: NIT 900.599.147-1 | C4: ='[1]Consolidado habilitante Técnico'!G3 -> NO HABILITADO | D4: ='[1]Habilitante Económico'!L3 -> NO HABILITADO | E4: NO HABILITADO | F4: NO HABILITADO | G4: =IF(COUNTIF(C4,"HABILITADO")+COUNTIF(D4,"HABILITADO")+COUNTIF(E4,"HABILITADO")+COUNTIF(F4,"HABILITADO")=4,"HABILITADO","RECHAZADO") -> RECHAZADO | H4: =IF(G4="RECHAZADO","",VLOOKUP(B4,Hoja1!$B$2:$G$14,6,0)) | I4: =IF(G4="RECHAZADO","",'2. Exp. Adic. Director Interv.'!M3) | J4: =IF(G4="RECHAZADO","",'3. Exp. Adic. Coord Operativo'!M3) | K4: =IF(G4="RECHAZADO","",'4 Apoyo Industri Nacional'!E9) | L4: =IF(G4="RECHAZADO","",'5. Personal Discapacidad'!I8) | M4: =IF(G4="RECHAZADO","",'6. E.E de Mujeres'!J9) | N4: =IF(G4="RECHAZADO","",'7. Calidad de Mipyme'!G8) | O4: =SUM(H4:N4) -> 0
A5: 2 | B5: ='[1]Habilitante Económico'!B4 -> GERMAN MONTENEGRO FAJARDO AUDITORES & ASESORES S.A.S. BIC 900.335.334-8 | C5: ='[1]Consolidado habilitante Técnico'!G4 -> HABILITADO | D5: ='[1]Habilitante Económico'!L4 -> HABILITADO | E5: HABILITADO | F5: HABILITADO | G5: =IF(COUNTIF(C5,"HABILITADO")+COUNTIF(D5,"HABILITADO")+COUNTIF(E5,"HABILITADO")+COUNTIF(F5,"HABILITADO")=4,"HABILITADO","NO HABILITADO") -> HABILITADO | H5: =VLOOKUP(B5,Hoja1!$B$2:$G$14,6,0) -> 29.833711 | I5: ='2. Exp. Adic. Director Interv.'!M8 -> 23 | J5: ='3. Exp. Adic. Coord Operativo'!M8 -> 23 | K5: ='4 Apoyo Industri Nacional'!E10 -> 20 | L5: ='5. Personal Discapacidad'!I9 -> 1 | M5: ='6. E.E de Mujeres'!J10 -> 0.25 | N5: ='7. Calidad de Mipyme'!G9 -> 0.25 | O5: =SUM(H5:N5) -> 97.333711
A6: 3 | B6: ='[1]Habilitante Económico'!B5 -> JFS CONSULTORES S.A.S. -BIC 901.542.814-2 | C6: ='[1]Consolidado habilitante Técnico'!G5 -> HABILITADO | D6: ='[1]Habilitante Económico'!L5 -> HABILITADO | E6: HABILITADO | F6: HABILITADO | G6: =IF(COUNTIF(C6,"HABILITADO")+COUNTIF(D6,"HABILITADO")+COUNTIF(E6,"HABILITADO")+COUNTIF(F6,"HABILITADO")=4,"HABILITADO","NO HABILITADO") -> HABILITADO | H6: =VLOOKUP(B6,Hoja1!$B$2:$G$14,6,0) -> 29.631831 | I6: ='2. Exp. Adic. Director Interv.'!M13 -> 23 | J6: ='3. Exp. Adic. Coord Operativo'!M13 -> 23 | K6: ='4 Apoyo Industri Nacional'!E11 -> 20 | L6: ='5. Personal Discapacidad'!I10 -> 1 | M6: ='6. E.E de Mujeres'!J11 -> 0.25 | N6: ='7. Calidad de Mipyme'!G10 -> 0.25 | O6: =SUM(H6:N6) -> 97.131831
A7: 4 | B7: ='[1]Habilitante Económico'!B6 -> SCAIPROYEKTA S.A.S. BIC: NIT 901.476.977-1 | C7: ='[1]Consolidado habilitante Técnico'!G6 -> HABILITADO | D7: ='[1]Habilitante Económico'!L6 -> HABILITADO | E7: HABILITADO | F7: HABILITADO | G7: =IF(COUNTIF(C7,"HABILITADO")+COUNTIF(D7,"HABILITADO")+COUNTIF(E7,"HABILITADO")+COUNTIF(F7,"HABILITADO")=4,"HABILITADO","NO HABILITADO") -> HABILITADO | H7: =VLOOKUP(B7,Hoja1!$B$2:$G$14,6,0) -> 19.136441 | I7: ='2. Exp. Adic. Director Interv.'!M18 -> 10 | J7: ='3. Exp. Adic. Coord Operativo'!M18 -> 23 | K7: ='4 Apoyo Industri Nacional'!E12 -> 20 | L7: ='5. Personal Discapacidad'!I11 -> 1 | M7: ='6. E.E de Mujeres'!J12 -> 0.25 | N7: ='7. Calidad de Mipyme'!G11 -> 0.25 | O7: =SUM(H7:N7) -> 73.636441
A8: 5 | B8: ='[1]Habilitante Económico'!B7 -> UT GREM-NOVAC | C8: ='[1]Consolidado habilitante Técnico'!G7 -> HABILITADO | D8: ='[1]Habilitante Económico'!L7 -> HABILITADO | E8: HABILITADO | F8: HABILITADO | G8: =IF(COUNTIF(C8,"HABILITADO")+COUNTIF(D8,"HABILITADO")+COUNTIF(E8,"HABILITADO")+COUNTIF(F8,"HABILITADO")=4,"HABILITADO","NO HABILITADO") -> HABILITADO | H8: =VLOOKUP(B8,Hoja1!$B$2:$G$14,6,0) -> 23.95507 | I8: ='2. Exp. Adic. Director Interv.'!M23 -> 23 | J8: ='3. Exp. Adic. Coord Operativo'!M23 -> 23 | K8: ='4 Apoyo Industri Nacional'!E13 -> 20 | L8: ='5. Personal Discapacidad'!I12 -> 1 | M8: ='6. E.E de Mujeres'!J13 -> 0.25 | N8: ='7. Calidad de Mipyme'!G12 -> 0.25 | O8: =SUM(H8:N8) -> 91.45507
A9: 6 | B9: ='[1]Habilitante Económico'!B8 -> SGA CONSULTORES S.A.S: NIT 901.549.833-4 | C9: ='[1]Consolidado habilitante Técnico'!G8 -> NO HABILITADO | D9: ='[1]Habilitante Económico'!L8 -> HABILITADO | E9: HABILITADO | F9: HABILITADO | G9: =IF(COUNTIF(C9,"HABILITADO")+COUNTIF(D9,"HABILITADO")+COUNTIF(E9,"HABILITADO")+COUNTIF(F9,"HABILITADO")=4,"HABILITADO","RECHAZADO") -> RECHAZADO | H9: =IF(G9="RECHAZADO","",VLOOKUP(B9,Hoja1!$B$2:$G$14,6,0)) | I9: =IF(G9="RECHAZADO","",'2. Exp. Adic. Director Interv.'!M28) | J9: =IF(G9="RECHAZADO","",'3. Exp. Adic. Coord Operativo'!M28) | K9: =IF(G9="RECHAZADO","",'4 Apoyo Industri Nacional'!E14) | L9: =IF(G9="RECHAZADO","",'5. Personal Discapacidad'!I13) | M9: =IF(G9="RECHAZADO","",'6. E.E de Mujeres'!J14) | N9: =IF(G9="RECHAZADO","",'7. Calidad de Mipyme'!G13) | O9: =SUM(H9:N9) -> 0
A10: 7 | B10: ='[1]Habilitante Económico'!B9 -> SMARTY COLOMBIA SAS BIC: NIT 900249549-6 | C10: ='[1]Consolidado habilitante Técnico'!G9 -> HABILITADO | D10: ='[1]Habilitante Económico'!L9 -> HABILITADO | E10: HABILITADO | F10: HABILITADO | G10: =IF(COUNTIF(C10,"HABILITADO")+COUNTIF(D10,"HABILITADO")+COUNTIF(E10,"HABILITADO")+COUNTIF(F10,"HABILITADO")=4,"HABILITADO","NO HABILITADO") -> HABILITADO | H10: =VLOOKUP(B10,Hoja1!$B$2:$G$14,6,0) -> 21.49724 | I10: ='2. Exp. Adic. Director Interv.'!M33 -> 23 | J10: ='3. Exp. Adic. Coord Operativo'!M33 -> 23 | K10: ='4 Apoyo Industri Nacional'!E15 -> 20 | L10: ='5. Personal Discapacidad'!I14 -> 1 | M10: ='6. E.E de Mujeres'!J15 -> 0.25 | N10: ='7. Calidad de Mipyme'!G14 -> 0.25 | O10: =SUM(H10:N10) -> 88.99724
A11: 8 | B11: ='[1]Habilitante Económico'!B10 -> CONSORCIO TOOL | C11: ='[1]Consolidado habilitante Técnico'!G10 -> HABILITADO | D11: ='[1]Habilitante Económico'!L10 -> HABILITADO | E11: HABILITADO | F11: HABILITADO | G11: =IF(COUNTIF(C11,"HABILITADO")+COUNTIF(D11,"HABILITADO")+COUNTIF(E11,"HABILITADO")+COUNTIF(F11,"HABILITADO")=4,"HABILITADO","NO HABILITADO") -> HABILITADO | H11: =VLOOKUP(B11,Hoja1!$B$2:$G$14,6,0) -> 28.114918 | I11: ='2. Exp. Adic. Director Interv.'!M42 -> 23 | J11: ='3. Exp. Adic. Coord Operativo'!M38 -> 23 | K11: ='4 Apoyo Industri Nacional'!E16 -> 20 | L11: ='5. Personal Discapacidad'!I15 -> 1 | M11: ='6. E.E de Mujeres'!J16 -> 0.25 | N11: ='7. Calidad de Mipyme'!G15 -> 0.25 | O11: =SUM(H11:N11) -> 95.614918
A12: 9 | B12: ='[1]Habilitante Económico'!B11 -> CONSORCIO INTERVENTORÍA DE VIGILANCIA 2024 | C12: ='[1]Consolidado habilitante Técnico'!G11 -> NO HABILITADO | D12: ='[1]Habilitante Económico'!L11 -> HABILITADO | E12: HABILITADO | F12: HABILITADO | G12: =IF(COUNTIF(C12,"HABILITADO")+COUNTIF(D12,"HABILITADO")+COUNTIF(E12,"HABILITADO")+COUNTIF(F12,"HABILITADO")=4,"HABILITADO","RECHAZADO") -> RECHAZADO | H12: =IF(G12="RECHAZADO","",VLOOKUP(B12,Hoja1!$B$2:$G$14,6,0)) | I12: =IF(G12="RECHAZADO","",'2. Exp. Adic. Director Interv.'!M47) | J12: =IF(G12="RECHAZADO","",'3. Exp. Adic. Coord Operativo'!M43) | K12: =IF(G12="RECHAZADO","",'4 Apoyo Industri Nacional'!E17) | L12: =IF(G12="RECHAZADO","",'5. Personal Discapacidad'!I16) | M12: =IF(G12="RECHAZADO","",'6. E.E de Mujeres'!J17) | N12: =IF(G12="RECHAZADO","",'7. Calidad de Mipyme'!G16) | O12: =SUM(H12:N12) -> 0
A13: 10 | B13: ='[1]Habilitante Económico'!B12 -> Consultora Central S.A.S BIC | C13: ='[1]Consolidado habilitante Técnico'!G12 -> HABILITADO | D13: ='[1]Habilitante Económico'!L12 -> HABILITADO | E13: HABILITADO | F13: HABILITADO | G13: =IF(COUNTIF(C13,"HABILITADO")+COUNTIF(D13,"HABILITADO")+COUNTIF(E13,"HABILITADO")+COUNTIF(F13,"HABILITADO")=4,"HABILITADO","NO HABILITADO") -> HABILITADO | H13: =VLOOKUP(B13,Hoja1!$B$2:$G$14,6,0) -> 26.874154 | I13: ='2. Exp. Adic. Director Interv.'!M52 -> 23 | J13: ='3. Exp. Adic. Coord Operativo'!M48 -> 23 | K13: ='4 Apoyo Industri Nacional'!E18 -> 20 | L13: ='5. Personal Discapacidad'!I17 -> 1 | M13: ='6. E.E de Mujeres'!J18 -> 0.25 | N13: ='7. Calidad de Mipyme'!G17 -> 0.25 | O13: =SUM(H13:N13) -> 94.374154
A14: 11 | B14: ='[1]Habilitante Económico'!B13 -> CONSORCIO INTERVENCIÓN Y SEGURIDAD DISTRITAL | C14: ='[1]Consolidado habilitante Técnico'!G13 -> HABILITADO | D14: ='[1]Habilitante Económico'!L13 -> HABILITADO | E14: HABILITADO | F14: HABILITADO | G14: =IF(COUNTIF(C14,"HABILITADO")+COUNTIF(D14,"HABILITADO")+COUNTIF(E14,"HABILITADO")+COUNTIF(F14,"HABILITADO")=4,"HABILITADO","NO HABILITADO") -> HABILITADO | H14: =VLOOKUP(B14,Hoja1!$B$2:$G$14,6,0) -> 30.540405 | I14: ='2. Exp. Adic. Director Interv.'!M57 -> 23 | J14: ='3. Exp. Adic. Coord Operativo'!M53 -> 23 | K14: ='4 Apoyo Industri Nacional'!E19 -> 20 | L14: ='5. Personal Discapacidad'!I18 -> 1 | M14: ='6. E.E de Mujeres'!J19 -> 0.25 | N14: ='7. Calidad de Mipyme'!G18 -> 0.25 | O14: =SUM(H14:N14) -> 98.040405
A15: 12 | B15: ='[1]Habilitante Económico'!B14 -> Strycon Energía: NIT 901.466.510-3 | C15: ='[1]Consolidado habilitante Técnico'!G14 -> NO HABILITADO | D15: ='[1]Habilitante Económico'!L14 -> HABILITADO | E15: HABILITADO | F15: HABILITADO | G15: =IF(COUNTIF(C15,"HABILITADO")+COUNTIF(D15,"HABILITADO")+COUNTIF(E15,"HABILITADO")+COUNTIF(F15,"HABILITADO")=4,"HABILITADO","RECHAZADO") -> RECHAZADO | H15: =IF(G15="RECHAZADO","",VLOOKUP(B15,Hoja1!$B$2:$G$14,6,0)) | I15: =IF(G12="RECHAZADO","",'2. Exp. Adic. Director Interv.'!M62) | J15: =IF(G12="RECHAZADO","",'3. Exp. Adic. Coord Operativo'!M58) | K15: =IF(G12="RECHAZADO","",'4 Apoyo Industri Nacional'!E20) | L15: =IF(G12="RECHAZADO","",'5. Personal Discapacidad'!I19) | M15: =IF(G12="RECHAZADO","",'6. E.E de Mujeres'!J20) | N15: =IF(G12="RECHAZADO","",'7. Calidad de Mipyme'!G19) | O15: =SUM(H15:N15) -> 0
A16: 13 | B16: ='[1]Habilitante Económico'!B15 -> ALIANZA INTEGRAL DE PROYECTOS SAS BIC: NIT 901.506.750-7 | C16: ='[1]Consolidado habilitante Técnico'!G15 -> HABILITADO | D16: ='[1]Habilitante Económico'!L15 -> HABILITADO | E16: HABILITADO | F16: HABILITADO | G16: =IF(COUNTIF(C16,"HABILITADO")+COUNTIF(D16,"HABILITADO")+COUNTIF(E16,"HABILITADO")+COUNTIF(F16,"HABILITADO")=4,"HABILITADO","NO HABILITADO") -> HABILITADO | H16: =VLOOKUP(B16,Hoja1!$B$2:$G$14,6,0) -> 30.801273 | I16: ='2. Exp. Adic. Director Interv.'!M67 -> 23 | J16: ='3. Exp. Adic. Coord Operativo'!M63 -> 23 | K16: ='4 Apoyo Industri Nacional'!E21 -> 20 | L16: ='5. Personal Discapacidad'!I20 -> 1 | M16: ='6. E.E de Mujeres'!J21 -> 0.25 | N16: ='7. Calidad de Mipyme'!G20 -> 0.25 | O16: =SUM(H16:N16) -> 98.301273

Sheet Hoja1
A1: N° | B1: NOMBRE DEL PROPONENTE | C1: NUMERO DE PROPUESTA | D1: PROMEDIO SMMLV CONTRATOS APORTADOS | E1: HABILITADO GENERAL | F1: PROMEDIO SMMLV CONTRATOS APORTADOS | G1: PUNTAJE POR LA EXPERIENCIA ADICIONAL DEL PROPONENTE
A2: 1 | B2: =Consolidado!B4 -> ARES SECURITY LTDA: NIT 900.599.147-1 | C2: 1 | D2: {=INDIRECT("1.EXP_ADICIONAL_PROP!AA"&J2)} | E2: =Consolidado!G4 -> RECHAZADO | F2: =IF(E2="HABILITADO",D2,"") | G2: =IFERROR(VLOOKUP(B2,[2]Asignación_Puntaje!$B$15:$E$23,4,0),0) -> 0 | J2: 2
A3: 2 | B3: =Consolidado!B5 -> GERMAN MONTENEGRO FAJARDO AUDITORES & ASESORES S.A.S. BIC 900.335.334-8 | C3: 2 | D3: {=INDIRECT("1.EXP_ADICIONAL_PROP!AA"&J3)} -> 1042.31 | E3: =Consolidado!G5 -> HABILITADO | F3: =IF(E3="HABILITADO",D3,"") -> 1042.31 | G3: =IFERROR(VLOOKUP(B3,[2]Asignación_Puntaje!$B$15:$E$23,4,0),0) -> 29.833711 | J3: 6
A4: 3 | B4: =Consolidado!B6 -> JFS CONSULTORES S.A.S. -BIC 901.542.814-2 | C4: 3 | D4: {=INDIRECT("1.EXP_ADICIONAL_PROP!AA"&J4)} -> 1235.6692 | E4: =Consolidado!G6 -> HABILITADO | F4: =IF(E4="HABILITADO",D4,"") -> 1235.6692 | G4: =IFERROR(VLOOKUP(B4,[2]Asignación_Puntaje!$B$15:$E$23,4,0),0) -> 29.631831 | J4: 10
A5: 4 | B5: =Consolidado!B7 -> SCAIPROYEKTA S.A.S. BIC: NIT 901.476.977-1 | C5: 4 | D5: {=INDIRECT("1.EXP_ADICIONAL_PROP!AA"&J5)} -> 1602.35 | E5: =Consolidado!G7 -> HABILITADO | F5: =IF(E5="HABILITADO",D5,"") -> 1602.35 | G5: =IFERROR(VLOOKUP(B5,[2]Asignación_Puntaje!$B$15:$E$23,4,0),0) -> 19.136441 | J5: 14
A6: 5 | B6: =Consolidado!B8 -> UT GREM-NOVAC | C6: 5 | D6: {=INDIRECT("1.EXP_ADICIONAL_PROP!AA"&J6)} -> 1434 | E6: =Consolidado!G8 -> HABILITADO | F6: =IF(E6="HABILITADO",D6,"") -> 1434 | G6: =IFERROR(VLOOKUP(B6,[2]Asignación_Puntaje!$B$15:$E$23,4,0),0) -> 23.95507 | J6: 18
A7: 6 | B7: =Consolidado!B9 -> SGA CONSULTORES S.A.S: NIT 901.549.833-4 | C7: 6 | D7: {=INDIRECT("1.EXP_ADICIONAL_PROP!AA"&J7)} -> 1250.62 | E7: =Consolidado!G9 -> RECHAZADO | F7: =IF(E7="HABILITADO",D7,"") | G7: =IFERROR(VLOOKUP(B7,[2]Asignación_Puntaje!$B$15:$E$23,4,0),0) -> 0 | J7: 22
A8: 7 | B8: =Consolidado!B10 -> SMARTY COLOMBIA SAS BIC: NIT 900249549-6 | C8: 7 | D8: {=INDIRECT("1.EXP_ADICIONAL_PROP!AA"&J8)} -> 1519.87 | E8: =Consolidado!G10 -> HABILITADO | F8: =IF(E8="HABILITADO",D8,"") -> 1519.87 | G8: =IFERROR(VLOOKUP(B8,[2]Asignación_Puntaje!$B$15:$E$23,4,0),0) -> 21.49724 | J8: 26
A9: 8 | B9: =Consolidado!B11 -> CONSORCIO TOOL | C9: 8 | D9: {=INDIRECT("1.EXP_ADICIONAL_PROP!AA"&J9)} -> 982.26 | E9: =Consolidado!G11 -> HABILITADO | F9: =IF(E9="HABILITADO",D9,"") -> 982.26 | G9: =IFERROR(VLOOKUP(B9,[2]Asignación_Puntaje!$B$15:$E$23,4,0),0) -> 28.114918 | J9: 30
A10: 9 | B10: =Consolidado!B12 -> CONSORCIO INTERVENTORÍA DE VIGILANCIA 2024 | C10: 9 | D10: {=INDIRECT("1.EXP_ADICIONAL_PROP!AA"&J10)} -> 1057 | E10: =Consolidado!G12 -> RECHAZADO | F10: =IF(E10="HABILITADO",D10,"") | G10: =IFERROR(VLOOKUP(B10,[2]Asignación_Puntaje!$B$15:$E$23,4,0),0) -> 0 | J10: 34
A11: 10 | B11: =Consolidado!B13 -> Consultora Central S.A.S BIC | C11: 10 | D11: {=INDIRECT("1.EXP_ADICIONAL_PROP!AA"&J11)} -> 1332.015 | E11: =Consolidado!G13 -> HABILITADO | F11: =IF(E11="HABILITADO",D11,"") -> 1332.015 | G11: =IFERROR(VLOOKUP(B11,[2]Asignación_Puntaje!$B$15:$E$23,4,0),0) -> 26.874154 | J11: 38
A12: 11 | B12: =Consolidado!B14 -> CONSORCIO INTERVENCIÓN Y SEGURIDAD DISTRITAL | C12: 11 | D12: {=INDIRECT("1.EXP_ADICIONAL_PROP!AA"&J12)} -> 1067 | E12: =Consolidado!G14 -> HABILITADO | F12: =IF(E12="HABILITADO",D12,"") -> 1067 | G12: =IFERROR(VLOOKUP(B12,[2]Asignación_Puntaje!$B$15:$E$23,4,0),0) -> 30.540405 | J12: 42
A13: 12 | B13: =Consolidado!B15 -> Strycon Energía: NIT 901.466.510-3 | C13: 12 | D13: {=INDIRECT("1.EXP_ADICIONAL_PROP!AA"&J13)} -> 861.42 | E13: =Consolidado!G15 -> RECHAZADO | F13: =IF(E13="HABILITADO",D13,"") | G13: =IFERROR(VLOOKUP(B13,[2]Asignación_Puntaje!$B$15:$E$23,4,0),0) -> 0 | J13: 46
A14: 13 | B14: =Consolidado!B16 -> ALIANZA INTEGRAL DE PROYECTOS SAS BIC: NIT 901.506.750-7 | C14: 13 | D14: {=INDIRECT("1.EXP_ADICIONAL_PROP!AA"&J14)} -> 1076.114 | E14: =Consolidado!G16 -> HABILITADO | F14: =IF(E14="HABILITADO",D14,"") -> 1076.114 | G14: =IFERROR(VLOOKUP(B14,[2]Asignación_Puntaje!$B$15:$E$23,4,0),0) -> 30.801273 | J14: 50
